 Dungeon Crawl Stone Soup version 0.31.0-11-ge490571c62 (webtiles) character file.

Game seed: 10233541306308247252

11642295 Daunt the Archmage (level 27, 179/179 HPs)
             Began as a Gargoyle Earth Elementalist on Feb 1, 2024.
             Was an Initiate of Gozag.
             Escaped with the Orb
             ... and 15 runes on Feb 3, 2024!
             The game lasted 14:43:11 (140424 turns).

Daunt the Archmage (Gargoyle Earth Elementalist)  Turns: 140424, Time: 14:43:11

Health: 179/179    AC: 64    Str: 19    XL:     27
Magic:  63/63      EV: 20    Int: 34    God:    Gozag
Gold:   17132      SH: 16    Dex: 10    Spells: 15/80 levels left

rFire   + + +        a - +3 Elemental Staff {ele, rElec rF+ rC+ AC+3}
rCold   + . .        v - +0 kite shield of Articulation {Regen+ Str+2}
rNeg    + + .        g - +8 fire dragon scales
rPois   ∞            e - +2 helmet {Int+3}
rElec   +            i - +2 cloak {Will+}
rCorr   +            r - +2 pair of gloves "Jox Foa" {Int+2}
SInv    .            D - +2 pair of boots {Stlth+}
Will    +++..        u - amulet of Hepliaklqana's Whim {RegenMP Str+3}
Stlth   +            w - ring "Safazuitz" {^Contam rC+ rN+ Int+3}
HPRegen 1.29/turn    n - ring "Soepp" {rElec rCorr MP+9 EV+5}
MPRegen 0.78/turn

%: no passive effects
@: gold aura, flying, studying 3 skills
A: sickness immunity, AC +20, big wings, negative energy resistance 1,
electricity resistance, torment resistance 1, petrification resistance, talons
2, clumsy 1, fire resistance 1, frail 1, wild magic 1, inability to read after
injury 1
0: Orb of Zot
}: 15/15 runes: serpentine, barnacled, slimy, silver, golden, iron, obsidian,
icy, bone, abyssal, demonic, glowing, magical, fiery, dark
a: Renounce Religion, Potion Petition, Call Merchant, Bribe Branch


You escaped.
You worshipped Gozag.
Gozag was extremely pleased with you.
You visited 18 branches of the dungeon, and saw 88 of its levels.
You visited Pandemonium 3 times, and saw 27 of its levels.
You visited the Abyss 1 time.
You also visited: Trove, Sewer and Volcano.

You collected 65217 gold pieces.
You spent 13724 gold pieces at shops.
You paid 34361 gold pieces to Gozag.

Inventory:

Hand Weapons
 a - the +3 Elemental Staff (weapon) {ele, rElec rF+ rC+ AC+3}
   (You found it on level 2 of the Lair of Beasts)

   AC+3:      It affects your AC (+3).
   rF+:       It protects you from fire.
   rC+:       It protects you from cold.
   rElec:     It insulates you from electricity.
 X - the +8 war axe "Ynathrih" {protect, +Blink rCorr Str-5 Stlth+}
   (You took it off an ironbound convoker on level 5 of the Vaults)

   Str-5:     It affects your strength (-5).
   +Blink:    It lets you blink.
   rCorr:     It protects you from acid and corrosion.
   Stlth+:    It makes you more stealthy.
 Z - a +4 hand axe of distortion
Missiles
 b - 13 silver javelins
 s - 14 curare-tipped darts
 E - 5 throwing nets
Armour
 e - a +2 helmet of intelligence (worn)
 g - +8 fire dragon scales (worn)
 i - a +2 cloak of willpower (worn)
 r - the +2 pair of gloves "Jox Foa" (worn) {Int+2}
   (You bought it in a shop on level 1 of the Depths)

   Int+2:     It affects your intelligence (+2).
 t - the +0 tower shield of Gelumeope {rN+++ Will+ Dex-5 Slay+5}
   (You found it in a treasure trove)

   Dex-5:     It affects your dexterity (-5).
   Slay+5:    It affects your accuracy & damage with ranged weapons and melee
   (+5).
   rN+++:     It renders you almost immune to negative energy.
   Will+:     It increases your willpower.
 v - the +0 kite shield of Articulation (worn) {Regen+ Str+2}
   (You found it in a treasure trove)

   Str+2:     It affects your strength (+2).
   Regen+:    It increases your rate of health regeneration.
 D - a +2 pair of boots of stealth (worn)
Jewellery
 c - the ring of Exzyhosk {rPois Will+ rCorr Dex+6}
   (You took it off a balrug in Pandemonium)

   [ring of dexterity]

   Dex+6:     It affects your dexterity (+6).
   rPois:     It protects you from poison Will+: It increases your willpower.
   rCorr:     It protects you from acid and corrosion.
 n - the ring "Soepp" (right hand) {rElec rCorr MP+9 EV+5}
   (You bought it in a shop in the Vestibule of Hell)

   [ring of evasion]

   EV+5:      It affects your evasion (+5).
   rElec:     It insulates you from electricity.
   MP+9:      It affects your magic capacity (+9).
   rCorr:     It protects you from acid and corrosion.
 u - the amulet of Hepliaklqana's Whim (around neck) {RegenMP Str+3}
   (You found it on level 2 of the Depths)

   [amulet of magic regeneration]

   RegenMP:   It increases your rate of magic regeneration.
   Str+3:     It affects your strength (+3).
 w - the ring "Safazuitz" (left hand) {^Contam rC+ rN+ Int+3}
   (You found it on level 3 of the Crypt)

   [ring of positive energy]

   Int+3:     It affects your intelligence (+3).
   rC+:       It protects you from cold.
   rN+:       It protects you from negative energy.
   ^Contam:   It causes magical contamination when unequipped.
 x - the amulet "Vecu" {Acrobat rF- rN+ Regen+}
   (You found it on level 3 of the Tomb of the Ancients)

   [amulet of the acrobat]

   Acrobat:   It increases your evasion while moving and waiting.
   rF-:       It makes you vulnerable to fire.
   rN+:       It protects you from negative energy.
   Regen+:    It increases your rate of health regeneration.
 F - a ring of ice
 I - a ring of see invisible
 L - a +6 ring of intelligence
 M - the ring of Daisies {rF+++ rC+ Str-3 Dex+6 Slay+2}
   (You found it on level 3 of the Tomb of the Ancients)

   [ring of dexterity]

   Str-3:     It affects your strength (-3).
   Dex+6:     It affects your dexterity (+6).
   Slay+2:    It affects your accuracy & damage with ranged weapons and melee
   (+2).
   rF+++:     It renders you almost immune to fire.
   rC+:       It protects you from cold.
 U - the macabre finger necklace {Finger+ rN+}
   (You bought it in a shop on level 10 of the Dungeon)

   [amulet of nothing]

   Finger+:   It enables you to equip an extra ring.
   rN+:       It protects you from negative energy.
Wands
 p - a wand of acid (68)
 y - a wand of iceblast (95)
 Q - a wand of digging (50)
 W - a wand of mindburst (96)
Scrolls
 d - 11 scrolls of fog
 j - 27 scrolls of teleportation
 k - 8 scrolls of blinking
 m - 4 scrolls of revelation
 A - 3 scrolls of silence
 V - 4 scrolls of butterflies
Potions
 f - 3 potions of cancellation
 l - 9 potions of lignification
 o - 11 potions of brilliance
 q - 15 potions of ambrosia
 z - 17 potions of curing
 B - 8 potions of mutation
 G - 26 potions of heal wounds
 K - 3 potions of invisibility
 N - 3 potions of magic
 R - 8 potions of enlightenment
 S - 9 potions of haste
 Y - 7 potions of resistance
Miscellaneous
 h - a phial of floods
 C - a figurine of a ziggurat
 H - a box of beasts
 J - the horn of Geryon
 O - a condenser vane
 P - a phantom mirror
 T - a lightning rod (4/4)


   Skills:
 O Level 27 Fighting
 - Level 12.0 Staves
 - Level 15.0 Throwing
 - Level 24.0 Armour
 - Level 18.4 Dodging
 - Level 10.1 Stealth
 - Level 25.0 Shields
 O Level 27 Spellcasting
 + Level 23.8 Conjurations
 - Level 4.0 Necromancy
 - Level 5.0 Translocations
 O Level 27 Ice Magic
 - Level 1.0 Air Magic
 - Level 26.5 Earth Magic
 - Level 9.0 Evocations


You had 15 spell levels left.
You knew the following spells:

 Your Spells              Type           Power      Damage    Failure   Level
a - Magic Dart            Conj           100%       1d8       1%          1
b - Stone Arrow           Conj/Erth      100%       3d13      1%          3
c - Lehudib's Crystal Sp  Conj/Erth      81%        10d18     1%          8
d - Bombard               Conj/Erth      81%        9d13      1%          6
e - Passwall              Erth           100%       N/A       1%          3
f - Brom's Barrelling Bo  Conj/Erth      100%       2d11      1%          4
g - Passage of Golubria   Tloc           81%        N/A       2%          4
h - Blink                 Tloc           100%       N/A       1%          2
o - Polar Vortex          Ice            82%        12d11*    3%          9
r - Ozocubu's Refrigerat  Ice            82%        4d25      1%          7
s - Shatter               Erth           82%        3d59*     3%          9
v - Borgnjor's Vile Clut  Necr/Erth      69%        N/A       1%          5
w - Swiftness             Air            80%        N/A       3%          3
z - Apportation           Tloc           100%       N/A       1%          1

Your spell library contained the following spells:

 Spells                   Type           Power      Damage    Failure   Level
 Foxfire                  Conj/Fire      100%       2x1d9     1%          1
 Necrotise                Necr           100%       1d9       1%          1
 Sandblast                Erth           100%       2d20      1%          1
 Slow                     Hex            100%       N/A       1%          1
 Sting                    Conj/Alch      100%       1d9       1%          1
 Summon Small Mammal      Summ           100%       N/A       1%          1
 Ensorcelled Hibernation  Hex/Ice        100%       N/A       1%          2
 Lesser Beckoning         Tloc           100%       N/A       1%          2
 Momentum Strike          Conj/Tloc      100%       3d10      1%          2
 Searing Ray              Conj           100%       2d8       1%          2
 Dazzling Flash           Conj/Hex       100%       N/A       1%          3
 Fugue of the Fallen      Necr           76%        N/A       1%          3
 Gell's Gravitas          Tloc           81%        N/A       1%          3
 Hailstorm                Conj/Ice       100%       3d16      1%          3
 Mephitic Cloud           Conj/Alch/Air  100%       N/A       1%          3
 Summon Ice Beast         Ice/Summ       100%       N/A       1%          3
 Teleport Other           Tloc           81%        N/A       1%          3
 Vampiric Draining        Necr           76%        2d11      1%          3
 Animate Armour           Summ/Erth      100%       N/A       1%          4
 Flame Wave               Conj/Fire      100%       2d21      1%          4
 Fulminant Prism          Conj/Alch      52%        3d23      1%          4
 Leda's Liquefaction      Alch/Erth      66%        N/A       1%          4
 Petrify                  Alch/Erth      100%       N/A       1%          4
 Arcjolt                  Conj/Air       65%        1d75      1%          5
 Fireball                 Conj/Fire      64%        3d24      1%          5
 Freezing Cloud           Conj/Ice/Air   85%        6-21      1%          5
 Irradiate                Conj/Alch      52%        3d29      1%          5
 Iskenderun's Battlesphe  Conj           100%       2d15      1%          5
 Lee's Rapid Deconstruct  Erth           82%        3d36*     1%          5
 Conjure Ball Lightning   Conj/Air       65%        3x3d23    1%          6
 Sculpt Simulacrum        Ice/Alch       66%        N/A       1%          6
 Orb of Destruction       Conj           66%        9d16      1%          7
 Call Imp                 Summ           100%       N/A       2%          2
 Jinxbite                 Hex            100%       N/A       2%          2
 Mercury Vapours          Alch/Air       100%       N/A       2%          2
 Scorch                   Fire           100%       2d9       2%          2
 Starburst                Conj/Fire      64%        6d17      2%          6
 Call Canine Familiar     Summ           56%        N/A       4%          3
 Confusing Touch          Hex            56%        N/A       4%          3
 Inner Flame              Hex/Fire       74%        N/A       4%          3
 Sigil of Binding         Hex            56%        N/A       4%          3
 Tukima's Dance           Hex            56%        N/A       4%          3
 Vhi's Electric Charge    Tloc/Air       100%       N/A       4%          4
 Dimensional Bullseye     Hex/Tloc       34%        N/A       5%          4
 Anguish                  Hex/Necr       33%        N/A       7%          4
 Martyr's Knell           Necr/Summ      67%        N/A       7%          4
 Curse of Agony           Necr           76%        N/A       8%          5
 Spellforged Servitor     Conj/Summ      52%        N/A       10%         7
 Summon Lightning Spire   Summ/Air       77%        N/A       12%         4
 Cause Fear               Hex            28%        N/A       14%         4
 Ignite Poison            Fire/Alch      74%        N/A       14%         4
 Olgreb's Toxic Radiance  Alch           56%        N/A       14%         4
 Sticky Flame             Fire/Alch      74%        2d12      14%         4
 Summon Forest            Summ/Tloc      34%        N/A       14%         5
 Dispersal                Tloc           40%        N/A       26%         6
 Silence                  Hex/Air        38%        N/A       30%         5
 Alistair's Intoxication  Alch           37%        N/A       34%         5
 Summon Mana Viper        Hex/Summ       56%        N/A       34%         5
 Yara's Violent Unravell  Hex/Alch       28%        3d12      34%         5
 Death Channel            Necr           38%        N/A       36%         6
 Plasma Beam              Fire/Air       48%        2x1d63    82%         6
 Eringya's Noxious Bog    Alch           28%        4d6       87%         6
 Summon Cactus Giant      Summ           28%        N/A       87%         6
 Haunt                    Necr/Summ      33%        N/A       99%         7
 Enfeeble                 Hex            28%        N/A       100%        7
 Summon Hydra             Summ           28%        N/A       100%        7
 Borgnjor's Revivificati  Necr           38%        N/A       100%        8
 Discord                  Hex            28%        N/A       100%        8
 Ignition                 Fire           37%        3d11      100%        8
 Infestation              Necr           38%        N/A       100%        8
 Maxwell's Capacitive Co  Air            40%        ∞         100%        8
 Chain Lightning          Conj/Air       65%        3d86      100%        9
 Death's Door             Necr           38%        N/A       100%        9
 Fire Storm               Conj/Fire      64%        8d16      100%        9
 Cigotuvi's Dreadful Rot  Necr/Alch/Air  Unusable   N/A       N/A         2
 Animate Dead             Necr           Unusable   N/A       N/A         4

Dungeon Overview and Level Annotations

Branches:
Dungeon (15/15)            Temple (1/1) D:6            Lair (5/5) D:11
 Shoals (4/4) Lair:2        Snake (4/4) Lair:3        Slime (5/5) Lair:5
    Orc (2/2) D:10            Elf (3/3) Orc:2        Vaults (5/5) D:13
  Crypt (3/3) Vaults:3       Tomb (3/3) Crypt:3      Depths (4/4) D:15
   Hell (visited)             Dis (7/7) Hell            Geh (7/7) Hell
    Coc (7/7) Hell            Tar (7/7) Hell            Zot (5/5) Depths:4
  Sewer (visited)         Volcano (visited)

Altars:
Ashenzari
Cheibriados
Dithmenos
Elyvilon
Fedhas
Gozag
Hepliaklqana
Kikubaaqudgha
Makhleb
Nemelex Xobeh
Okawaru
Qazlal
Ru
Sif Muna
Trog
Uskayaw
Vehumet
Wu Jian
Xom
Yredelemnul
Zin
The Shining One
Jiyva

Shops:
D:3 ?   D:10 [=[   D:11 =   Orc:2 ?=:*=   Elf:1 (   Elf:3 [   Vaults:1 (
Vaults:2 (   Vaults:3 ?   Vaults:4 [   Hell *[[=[:[[   Depths:1 =[[*?*
Depths:3 [

Portals:
Hell: Depths:1 Depths:2 Depths:3 Depths:4
Abyss: Depths:2 Depths:3
Pandemonium: Depths:2 Depths:4
Ziggurat: Depths:2

Annotations:
Elf:2 3 runed translucent doors
Zot:3 2 transporters shatter


Innate Abilities, Weirdness & Mutations

You are immune to sickness and miasma.
Your stone body is resilient. (AC +20)
You are immune to poison.
Your large and strong wings let you fly.
You resist negative energy. (rN+)
You are resistant to electric shocks. (rElec)
You are resistant to unholy torment.
You are immune to petrification.
You have razor-sharp toenails.
You are clumsy. (Dex -2)
Your flesh is heat resistant. (rF+)
You are frail. (-10% HP)
Your spells are a little harder to cast, but a little more powerful.
You occasionally lose the ability to read scrolls when taking damage.


Message History

You fly upwards.
There is a stone staircase leading down here.
An ice devil comes into view.
Casting: Shatter (dangerous; 3% risk of failure)
Confirm with . or Enter, or press ? or * to list all spells.
The dungeon rumbles!
You kill the ice devil!
Ka-crash!
Unknown command.
Unknown command.
Okay, then.
Unknown command.
You see here a +0 club.
You now have 17132 gold pieces (gained 5).
There is a stone staircase leading up here.
You fly upwards.
There is a stone staircase leading down here.
Magic restored.
There is a strange disturbance nearby!
Casting: Shatter (dangerous; 3% risk of failure)
Confirm with . or Enter, or press ? or * to list all spells.
You can't see any susceptible monsters within range! (Use Z to cast anyway.) Unknown command.
Casting: Shatter (dangerous; 3% risk of failure)
Confirm with . or Enter, or press ? or * to list all spells.
A great freezing vortex appears around you.
Something hits you but does no damage.
Deactivating autopickup; reactivate with Ctrl-A.
Reactivating autopickup.
You feel a bit more experienced.
The winds around you start to calm down.
There is an open door here.
You are engulfed in whirling frost.
You are engulfed in whirling frost.
The winds around you calm down.
You see here a +0 scale mail.
Okay, then.
Unknown command.
There is a staircase leading out of the dungeon here.
You have escaped!

..# #.#
#####.# #.#
# ### #.#
#.# #.# #
#.# #.# #.#
# #.# #.#
#.# # #.#
#######.##
##.### #.#
#........##
#...##
#####.#
#.#P..#§.P#
###...##
#.....#
#.#P.###.P#
#.......
#.#####
#.#P.#@#§P#
#.......
#.#
#.#P##.##P#
#.......
#.#
#.###...###
###...##
#.#
#.##.....#
#...# #.#
#.##.....#
#.[## #.#
#.##.....#
#.## ###.#
#.##..§.[#
#.# ....#
#.##.§...#
#.####
....#
#.##.§§..#
#.#...


There were no monsters in sight!

Vanquished Creatures
  Cerebov (Pan)
  Antaeus (Coc:7)
  Asmodeus (Geh:7)
  Ereshkigal (Tar:7)
  Mnoleg (Pan)
  Gloorx Vloq (Pan)
  the Royal Jelly (Slime:5)
  A seraph (Pan)
  the Serpent of Hell (Coc:7)
  7 pandemonium lords (Pan)
  Lom Lobon (Pan)
  Dispater (Dis:7)
  5 ancient liches
  8 dread liches
  6 orbs of fire
  Mennas (Crypt:3)
  3 juggernauts (Dis:7)
  Boris (twice) (Elf:3 Zot:5)
  Sojobo (Depths:1)
  38 royal mummies
  Bai Suzhen (D:15)
  Vv (Crypt:1)
  9 shard shrikes
  7 Killer Klowns
  3 curse toes
  14 caustic shrikes
  Geryon (Hell)
  Nikola (Snake:1)
  7 golden dragons
  Jory (Crypt:3)
  The ghost of Fainec the Devastator, a veteran GrEE of Lugonu (Crypt:1)
  11 bone dragons
  7 profane servitors
  2 pearl dragons (Pan)
  12 doom hounds
  7 hellephants
  8 Brimstone Fiends
  26 tentacled monstrosities
  18 Tzitzimimeh
  16 iron giants
  4 electric golems
  A walking crystal tome (Depths:3)
  13 tainted leviathans
  Jorgrun (Orc:2)
  2 shard shrike skeletons
  20 Hell Sentinels
  7 liches
  Asterion (Elf:1)
  Zenata (Elf:3)
  A walking divine tome (Depths:3)
  7 quicksilver dragons
  27 Ice Fiends
  A walking frostbound tome (Depths:4)
  17 acid blobs
  2 walking earthen tomes
  26 Orb Guardians
  16 searing wretches
  26 Executioners
  A deep elf blademaster (Elf:3)
  A kraken (Shoals:2)
  2 deep elf master archers (Elf:3)
  13 titans
  Frances (Snake:1)
  13 sphinxes
  Polyphemus (Shoals:4)
  39 ancient champions
  7 tentacled starspawn (Abyss:3)
  4 death cobs
  17 shadow dragons
  6 revenants
  Roxanne (Snake:1)
  Kirke (Shoals:1)
  13 tengu reavers
  14 protean progenitors
  Donald (Shoals:2)
  13 azure jellies
  14 storm dragons
  17 daevas (Pan)
  9 draconian knights
  Aizul (Snake:1)
  10 nagarajas
  10 fire giants
  10 rockslimes
  6 draconian monks
  8 narguns
  10 deep elf sorcerers
  8 demonspawn warmongers (Pan)
  14 frost giants
  16 iron dragons
  4 draconian scorchers
  5 draconian shifters
  The ghost of croobank the Necromancer, an adept FeSu of Jiyva (Snake:1)
  8 quicksilver elementals
  22 vault wardens
  9 shard shrike simulacra
  4 ghost moths
  A juggernaut zombie (Crypt:3)
  6 curse skulls
  A spriggan defender (Depths:2)
  42 balrugs
  6 deep elf elementalists
  4 draconian stormcallers
  7 demonspawn blood saints (Pan)
  16 demonspawn corrupters (Pan)
  4 orc warlords
  30 angels (Pan)
  A caustic shrike zombie (Crypt:3)
  43 very ugly things
  6 formless jellyfish
  13 draconian annihilators
  11 ironbound preservers
  10 ironbound thunderhulks
  39 cacodemons
  4 juggernaut skeletons (Pan)
  A spectral caustic shrike (Tar:6)
  25 reapers
  6 quicksilver oozes
  4 caustic shrike skeletons (Pan)
  15 ghouls
  12 stone giants
  10 vampire knights
  21 ophanim (Pan)
  32 apis (Pan)
  11 putrid mouths
  12 demonspawn black suns (Pan)
  26 elemental wellsprings
  8 green draconians
  5 deep elf demonologists
  13 lorocyprocas
  14 bennus
  13 red draconians
  16 wendigos
  6 yellow draconians
  The ghost of Gud Boel the Thaumaturge, a journeyman DjFE of Gozag (Lair:4)
  8 white draconians
  A spectral titan (Tar:3)
  8 dire elephants
  52 war gargoyles
  10 purple draconians
  12 black draconians
  9 deep elf annihilators
  4 deep elf death magi
  7 spark wasps
  7 merfolk javelineers
  15 green deaths
  19 iron golems
  5 eidola
  22 blizzard demons (Pan)
  10 merfolk impalers
  17 ettins
  5 spectral spriggans
  9 fire dragons
  2 crystal guardians
  19 mummy priests
  9 jiangshi
  5 deep elf high priests
  4 entropy weavers
  18 yaktaur captains
  16 great orbs of eyes
  Josephine (D:10)
  Harold (D:10)
  14 caustic shrike simulacra
  11 ice dragons
  23 salamander tyrants
  An Orb Guardian zombie (Crypt:1)
  19 rakshasas
  34 vault guards
  11 juggernaut simulacra
  4 hell beasts
  5 hydras
  3 peacekeepers
  9 centaur warriors
  2 alligators (Zot:4)
  7 spriggan air magi
  Erolcha (Orc:2)
  7 catoblepae
  3 merfolk avatars
  11 ironbound frosthearts
  13 anacondas
  7 stokers
  A sphinx zombie (Crypt:1)
  A two-headed ogre (shapeshifter) (Vaults:5)
  An alligator snapping turtle (Shoals:3)
  A death knight (D:12)
  8 merfolk aquamancers
  4 ogre magi
  A satyr (Shoals:3)
  A bennu zombie (Crypt:3)
  8 boulder beetles
  3 death yaks
  12 tengu warriors
  4 two-headed ogres
  15 dancing weapons
  3 deep troll shamans
  92 death scarabs
  8 deep troll earth magi
  A spectral dire elephant (Tar:1)
  20 naga warriors
  4 occultists
  8 vampire magi
  16 thrashing horrors (Abyss:3)
  An Orb Guardian skeleton (Crypt:2)
  50 hell hogs
  23 naga sharpshooters
  A demonic crawler (Pan)
  The ghost of Zeia the Fighter, a novice MiFi of Okawaru (D:9)
  8 shock serpents
  A spectral naga (Tar:1)
  Sonja (D:13)
  13 deep elf knights
  21 hell knights
  3 orc high priests (Orc:2)
  6 skysharks
  11 wretched stars (Abyss:3)
  40 soul eaters
  60 sun demons
  Amaemon (D:8)
  15 crystal echidnas
  53 sixfirhies
  3 spectral emperor scorpions (Pan)
  13 skeletal warriors
  18 iron trolls
  27 shadow wraiths
  3 fire crabs
  A deep troll (shapeshifter) (Depths:3)
  A spatial maelstrom (Abyss:3)
  A skyshark (shapeshifter) (Depths:3)
  4 spectral anacondas
  4 quicksilver dragon simulacra
  A sea snake (shapeshifter) (Vaults:5)
  34 shadow demons (Pan)
  11 sea snakes
  A swamp dragon (shapeshifter) (Vaults:5)
  2 spectral iron dragons
  11 glowing orange brains
  7 salamander mystics
  A hellephant skeleton (Pan)
  11 arcanists
  26 mana vipers
  42 deep trolls
  22 cherubim (Pan)
  20 ironbound convokers
  A spectral alligator (Tar:1)
  14 necromancers
  27 harpies
  A spectral hydra (Tar:1)
  An obsidian statue (Shoals:1)
  11 flayed ghosts
  An orange crystal statue (Elf:1)
  7 bog bodies
  An elf zombie (Vaults:3)
  7 naga ritualists
  4 sun moths (Pan)
  7 phantasmal warriors
  7 spriggan simulacra
  Pikel (D:6)
  15 deep elf archers
  16 orc knights
  7 lindwurms
  30 deep elf pyromancers
  A stone giant zombie (Vaults:5)
  11 manticores
  2 oklob plants (Lair:3)
  A spectral ettin (Tar:1)
  6 orc sorcerers (Orc:2)
  3 wolf spiders
  3 worldbinders (Abyss:3)
  2 shadow dragon skeletons
  23 deep elf zephyrmancers
  A wolf spider zombie (Crypt:2)
  A human zombie (Vaults:4)
  5 shining eyes (Slime:5)
  20 salamanders
  60 ugly things
  62 large abominations
  Maurice (D:10)
  19 moths of wrath
  A toenail golem (Zot:4)
  11 cyclopes
  18 elephants
  A stone giant skeleton (Crypt:3)
  An elephant (shapeshifter) (Abyss:3)
  3 apocalypse crabs (Abyss:3)
  3 meliai (D:15)
  4 fauns (Shoals:3)
  7 merfolk sirens
  3 titan simulacra
  17 vault sentinels
  5 human skeletons
  A salamander (shapeshifter) (D:14)
  55 black mambas
  11 guardian serpents
  2 centaur zombies
  An ice statue (Lair:3)
  19 naga magi
  9 water nymphs
  2 naga zombies
  10 rust devils
  14 molten gargoyles
  63 smoke demons
  4 eyes of devastation
  An emperor scorpion simulacrum (Hell)
  The ghost of draino the Cleaver, a novice HOMo (D:5)
  2 centaur skeletons
  Maggie (D:8)
  26 orange demons
  12 cane toads
  6 gargoyles
  A storm dragon simulacrum (Hell)
  19 hellions
  9 tengu conjurers
  3 yaktaur zombies
  A dire elephant skeleton (Crypt:3)
  53 yaktaurs
  11 freezing wraiths
  23 tormentors
  A yaktaur skeleton (Vaults:3)
  5 rime drakes
  7 efreet
  A steelbarb worm zombie (Crypt:1)
  A grey draconian zombie (Crypt:1)
  13 komodo dragons
  4 iron giant simulacra
  37 guardian mummies
  2 spectral harpies (Tar:2)
  2 bunyip simulacra
  Psyche (D:8)
  6 anaconda simulacra
  11 ancient zymes (Abyss:3)
  2 golden dragon simulacra (Coc:3)
  5 silent spectres
  2 ice devils
  3 red devils
  19 merfolk
  2 harpy zombies (Abyss:3)
  26 wind drakes
  A polar bear (Lair:5)
  A troll (shapeshifter) (D:15)
  7 trolls
  5 hornets
  A queen bee (D:15)
  14 hellwings (Pan)
  22 blink frogs
  A tengu simulacrum (Coc:2)
  4 harpy skeletons
  9 snapping turtles
  9 raiju (Abyss:3)
  An ice dragon zombie (Crypt:2)
  A tarantella zombie (Crypt:3)
  A snapping turtle (shapeshifter) (Vaults:5)
  11 glass eyes
  3 human simulacra
  3 stone giant simulacra
  4 iron dragon simulacra
  A spectral black mamba (Tar:1)
  89 slime creatures
  7 air elementals (Shoals:4)
  7 dire elephant simulacra
  3 shadows
  24 wyverns
  3 naga simulacra
  15 ushabtiu
  22 starcursed masses (Abyss:3)
  36 yaks
  A fire bat (Abyss:3)
  11 small abominations (Abyss:3)
  33 water elementals
  21 fire elementals
  A yak (shapeshifter) (Vaults:5)
  3 vampires
  50 ynoxinuls
  2 basilisks
  13 wraiths
  2 fire bats (shapeshifter)
  12 golden eyes
  An alligator snapping turtle simulacrum (Coc:3)
  6 hogs (Shoals:1)
  34 neqoxecs
  3 steam dragons
  4 redbacks
  A redback (shapeshifter) (Vaults:1)
  9 vampire mosquitoes
  55 chaos spawn
  5 spatial vortices (Abyss:3)
  A glowing shapeshifter zombie (Crypt:1)
  5 swamp worms (Lair:4)
  15 harpy simulacra
  60 nagas
  A hydra simulacrum (Coc:5)
  2 acid dragons
  34 water moccasins
  7 hell hounds (Hell)
  2 ice beasts (D:7)
  A two-headed ogre skeleton (Crypt:3)
  A faun skeleton (Crypt:1)
  An ice beast (shapeshifter) (Elf:3)
  29 orc warriors
  43 laughing skulls
  A swamp drake (D:11)
  A sky beast (D:8)
  An ice dragon simulacrum (Coc:3)
  A boggart (Vaults:2)
  A black bear (D:5)
  3 ettin simulacra
  5 ogres
  8 wolves
  11 centaurs
  A swamp dragon skeleton (Crypt:2)
  The ghost of SuperJoe the Insei, an amateur OpRe (D:5)
  4 weeping skulls (Abyss:3)
  A phantom (D:7)
  16 bullfrogs
  A kobold brigand (D:4)
  5 necrophages
  2 scorpions
  3 earth elementals
  2 gnoll sergeants
  8 wights
  A yak zombie (Crypt:3)
  34 killer bees
  A troll zombie (Crypt:2)
  The ghost of DeathSocks the Sneak, a weakling DsDe (D:5)
  11 howler monkeys
  6 electric eels
  2 quasits (Abyss:3)
  A bombardier beetle (D:5)
  4 hounds
  A bullfrog skeleton (Crypt:2)
  22 orc priests
  3 jellies
  4 iron imps (Abyss:3)
  2 iguanas
  Natasha (thrice) (D:3)
  49 orc wizards
  12 hell rats (Hell)
  A crocodile skeleton (Crypt:1)
  2 naga skeletons
  43 mummies
  24 gnolls
  12 adders
  5 white imps
  6 ufetubi
  2 ribbon worms (D:4)
  8 dart slugs
  The ghost of abcdefg the Grave Robber, a weakling DsNe (D:3)
  114 orcs
  16 ball pythons
  5 bats
  10 endoplasms
  13 giant cockroaches
  11 goblins
  11 hobgoblins
  20 jackals
  5 quokkas
  10 frilled lizards
  A gnoll skeleton (Crypt:1)
  8 kobolds
  A kobold skeleton (Crypt:2)
  10 rats
  A spectral kobold (D:8)
  27 aspiring fleshes
  10 creeping infernos
  32 fire vortices
  2 lurking horrors (Abyss:3)
  3 spectral weapons
  4 tentacles (Shoals:2)
4890 creatures vanquished.

Vanquished Creatures (collateral kills)
  4 boulders
4 creatures vanquished.

Vanquished Creatures (others)
  A dread lich (Coc:7)
  2 eldritch tentacles
  A fire giant (Depths:1)
  2 shard shrike simulacra (Coc:7)
  A juggernaut simulacrum (Coc:6)
  A large abomination (Abyss:3)
  A flayed ghost (D:15)
  2 spriggan simulacra (Coc:6)
  2 titan simulacra (Coc:7)
  A tormentor (Geh:2)
  2 dire elephant simulacra
  2 ettin simulacra
  A wolf (Lair:1)
  A weeping skull (Abyss:3)
  An orc (Orc:1)
  6 boulders
  A creeping inferno (Geh:7)
  10 starspawn tentacles (Abyss:3)
  4 tentacles (Shoals:2)
42 creatures vanquished.

Grand Total: 4936 creatures vanquished

Notes
Turn   | Place    | Note
-------+----------+-------------------------------------------
     0 | D:1      | Daunt the Gargoyle Earth Elementalist began the quest for
                  | the Orb.
     0 | D:1      | Reached XP level 1. HP: 10/10 MP: 3/3
   216 | D:1      | Reached XP level 2. HP: 15/15 MP: 1/5
   552 | D:1      | Reached XP level 3. HP: 19/19 MP: 4/6
  1148 | D:2      | Reached skill level 5 in Earth Magic
  1196 | D:2      | Reached XP level 4. HP: 24/24 MP: 4/8
  1285 | D:2      | Found a faded altar of an unknown god.
  1861 | D:3      | You fall into a shaft and drop 2 floors!
  1861 | D:5      | Entered Level 5 of the Dungeon
  1909 | D:5      | Reached XP level 5. HP: 28/28 MP: 6/9
  2227 | D:4      | Noticed a kobold brigand
  2239 | D:4      | Killed a kobold brigand
  2240 | D:4      | Reached XP level 6. HP: 31/32 MP: 2/11
  2246 | D:4      | Learned a level 3 spell: Stone Arrow
  2383 | D:4      | Found a glowing drain.
  2398 | Sewer    | Entered a sewer
  2422 | Sewer    | Learned a level 3 spell: Passwall
  2905 | Sewer    | Reached XP level 7. HP: 36/36 MP: 9/13
  2939 | Sewer    | Identified the +1 leather armour of the Eight Boll Weevils
                  | {SInv}
  2952 | Sewer    | Got the Cyclopedia of Destined Despair
  3184 | D:4      | Found a shimmering blue altar of Sif Muna.
  3348 | D:3      | Noticed Natasha
  3351 | D:3      | Killed Natasha
  3440 | D:3      | Found a runed translucent door.
  3442 | D:3      | Noticed abcdefg's ghost (weakling DsNe)
  3496 | D:3      | Noticed Natasha
  3499 | D:3      | Killed Natasha
  3678 | D:3      | Noticed Natasha
  3682 | D:3      | Killed Natasha
  3946 | D:3      | Found Fajoepp's Magic Scroll Shop.
  3954 | D:3      | Bought a scroll of enchant armour for 105 gold pieces
  3954 | D:3      | Bought a scroll of teleportation for 42 gold pieces
  3954 | D:3      | Bought a scroll of fear for 56 gold pieces
  4225 | D:3      | Killed abcdefg's ghost
  5067 | D:5      | Reached skill level 5 in Spellcasting
  5067 | D:5      | Reached XP level 8. HP: 41/41 MP: 10/15
  5692 | D:5      | Found a runed translucent gate.
  5692 | D:5      | Found a runed translucent gate.
  5692 | D:5      | Found a runed translucent gate.
  5692 | D:5      | Noticed SuperJoe's ghost (amateur OpRe)
  5694 | D:5      | Noticed DeathSocks's ghost (weakling DsDe)
  5696 | D:5      | Noticed draino's ghost (novice HOMo)
  6612 | D:6      | Found a staircase to the Ecumenical Temple.
  6629 | Temple   | Entered the Ecumenical Temple
  6940 | Temple   | Became a worshipper of Gozag Ym Sagoz the Greedy
  7000 | D:6      | Reached XP level 9. HP: 45/45 MP: 11/18
  7190 | D:6      | Found a stormy altar of Qazlal.
  7544 | D:6      | Noticed Pikel
  7549 | D:6      | Killed Pikel
  7550 | D:6      | Reached skill level 5 in Stealth
  7609 | D:6      | Reached skill level 5 in Fighting
  8273 | D:7      | Reached XP level 10. HP: 64/64 MP: 15/19
  8545 | D:7      | Reached skill level 1 in Shields
  8643 | D:8      | Noticed Maggie
  8798 | D:8      | Noticed Psyche
  8802 | D:8      | Noticed Amaemon
  8806 | D:8      | Killed Psyche
  8806 | D:8      | Noticed an orange demon
  8807 | D:8      | Reached skill level 1 in Armour
  8959 | D:8      | Killed Amaemon
  8966 | D:8      | Killed an orange demon
  9266 | D:8      | Found a hazy altar of Hepliaklqana.
  9775 | D:9      | Found a runed translucent gate.
  9778 | D:9      | Found a runed translucent gate.
  9779 | D:9      | Noticed Zeia's ghost (novice MiFi)
  9780 | D:9      | Found a runed translucent gate.
  9784 | D:9      | Identified the ring "Enuqolia" {rElec rF- rN+ MP+9 Dex+5}
  9827 | D:9      | Reached skill level 5 in Shields
  9879 | D:9      | Noticed a two-headed ogre
  9952 | D:9      | Killed a two-headed ogre
 10286 | D:9      | Reached XP level 11. HP: 71/71 MP: 19/21
 10433 | D:9      | Found a radiant altar of Vehumet.
 10433 | D:9      | Found a broken altar of Ashenzari.
 10522 | D:8      | Killed Maggie
 10859 | D:10     | Entered Level 10 of the Dungeon
 10919 | D:10     | Found Simy's Antique Armour Emporium.
 11036 | D:10     | Noticed Josephine
 11038 | D:10     | Noticed Harold
 11106 | D:10     | Killed Josephine
 11942 | D:10     | Found Lawk's Antique Armour Emporium.
 11945 | D:10     | Noticed Maurice
 11960 | D:10     | Killed Maurice
 11961 | D:10     | Reached skill level 10 in Fighting
 12224 | D:10     | Bought a shiny helmet for 217 gold pieces
 12392 | D:10     | Found Geimmye's Jewellery Emporium.
 12640 | D:10     | Killed Harold
 12815 | D:10     | Learned a level 4 spell: Brom's Barrelling Boulder
 13173 | D:10     | Found a staircase to the Orcish Mines.
 13834 | D:11     | Found Zoytioh's Jewellery Boutique.
 14217 | D:11     | Learned a level 5 spell: Borgnjor's Vile Clutch
 14282 | D:11     | Reached skill level 1 in Necromancy
 14393 | D:11     | Reached XP level 12. HP: 80/80 MP: 24/25
 14594 | D:11     | Noticed a boulder beetle
 14954 | D:11     | Found a staircase to the Lair.
 15334 | Lair:1   | Entered Level 1 of the Lair of Beasts
 15454 | Lair:1   | Reached skill level 10 in Earth Magic
 15484 | Lair:1   | Reached skill level 1 in Evocations
 15575 | Lair:1   | Noticed a catoblepas
 15606 | Lair:1   | Killed a catoblepas
 15687 | Lair:1   | Identified the +2 buckler "Rizidod" {Will+}
 15715 | Lair:1   | Found a dark tunnel.
 15839 | Volcano  | Entered a volcano
 16016 | Volcano  | Reached skill level 5 in Evocations
 16122 | Volcano  | Noticed a hell knight
 16554 | Volcano  | Reached skill level 5 in Dodging
 16563 | Volcano  | Reached skill level 5 in Armour
 16877 | Volcano  | a hell knight changed into a lindwurm
 17078 | Volcano  | Noticed an orb of fire
 17235 | Volcano  | Reached XP level 13. HP: 72/88 MP: 20/26
 17299 | Volcano  | Noticed an orb of fire
 17796 | Lair:1   | Noticed Fannar
 17805 | Lair:1   | Fannar changed into Fannar the fire crab
 17805 | Lair:1   | Noticed Fannar
 17808 | Lair:1   | Killed Fannar the fire crab
 19387 | Lair:2   | Reached skill level 10 in Spellcasting
 19422 | Lair:2   | Found a staircase to the Shoals.
 20036 | Lair:2   | Found the +3 Elemental Staff {ele, rElec rF+ rC+ AC+3}
 20186 | Lair:2   | Reached skill level 1 in Staves
 20963 | Lair:3   | Found a staircase to the Snake Pit.
 21255 | Lair:3   | Gained mutation: Your large and strong wings let you fly.
                  | [Gargoyle growth]
 21255 | Lair:3   | Reached XP level 14. HP: 94/94 MP: 11/28
 21267 | Lair:3   | Reached skill level 5 in Staves
 21527 | Lair:3   | You are sucked into a shaft and drop 2 floors!
 21527 | Lair:5   | Entered Level 5 of the Lair of Beasts
 22138 | Lair:5   | Reached skill level 5 in Conjurations
 22453 | Lair:5   | Got the Parchment of the Spatial Valley
 23272 | Lair:3   | Found a blossoming altar of Fedhas.
 24423 | Lair:4   | Found a transporter.
 24643 | Lair:4   | Found a large runed translucent door.
 24643 | Lair:4   | Found a large runed translucent door.
 24643 | Lair:4   | Noticed Gud Boel's ghost (journeyman DjFE)
 24882 | Lair:4   | Found a transporter.
 25962 | Lair:4   | Killed Gud Boel's ghost
 26126 | Lair:5   | Reached XP level 15. HP: 94/98 MP: 11/29
 27308 | Lair:5   | Found a runed translucent door.
 27309 | Lair:5   | Noticed an acid blob
 27310 | Lair:5   | Noticed an acid blob
 27312 | Lair:5   | Found a staircase to the Slime Pits.
 28100 | D:5      | Killed draino's ghost
 28103 | D:5      | Killed SuperJoe's ghost
 28105 | D:5      | Killed DeathSocks's ghost
 28322 | D:9      | Killed Zeia's ghost
 29342 | D:12     | Identified the staff "Couwas" {rElec rF+ rC+ Fire}
 29388 | D:12     | Reached skill level 10 in Staves
 29658 | D:10     | Bought the sphere of Battle for 2320 gold pieces
 29658 | D:10     | Found the sphere of Battle
 29934 | D:12     | Learned a level 1 spell: Magic Dart
 30361 | D:12     | Reached skill level 10 in Conjurations
 31240 | D:13     | Found a gate to the Vaults.
 31518 | D:13     | Noticed Sonja
 31522 | D:13     | Killed Sonja
 31978 | D:14     | Found a blossoming altar of Fedhas.
 33155 | D:15     | Entered Level 15 of the Dungeon
 33181 | D:15     | Found a runed translucent door.
 33310 | D:15     | Reached XP level 16. HP: 104/104 MP: 32/32
 33472 | D:15     | Found a staircase to the Depths.
 34993 | D:14     | Learned a level 6 spell: Bombard
 35523 | Orc:1    | Entered Level 1 of the Orcish Mines
 35785 | Orc:2    | Entered Level 2 of the Orcish Mines
 35802 | Orc:2    | Reached skill level 1 in Ice Magic
 36519 | Orc:2    | Found Maoth's General Store.
 36519 | Orc:2    | Found Avidom's Jewellery Boutique.
 36520 | Orc:2    | Found Zeerghav's Book Boutique.
 36524 | Orc:2    | Found Vafit's Jewellery Shop.
 36764 | Orc:2    | Found Louteoh's Magic Scroll Shoppe.
 36789 | Orc:2    | Bought 3 scrolls of revelation for 337 gold pieces
 36789 | Orc:2    | Bought 2 scrolls of noise for 30 gold pieces
 36789 | Orc:2    | Bought a scroll of identify for 30 gold pieces
 36789 | Orc:2    | Bought a scroll of identify for 30 gold pieces
 36798 | Orc:2    | Noticed Erolcha
 36816 | Orc:2    | Killed Erolcha
 37214 | Orc:2    | Reached skill level 15 in Spellcasting
 37838 | Orc:2    | Noticed Jorgrun
 37845 | Orc:2    | Killed Jorgrun
 37846 | Orc:2    | Reached skill level 5 in Ice Magic
 37958 | Orc:2    | Found a staircase to the Elven Halls.
 38322 | D:10     | Bought an encrusted leather armour for 203 gold pieces
 38322 | D:10     | Identified the +2 leather armour of Uskayaw's Castigation
                  | {rElec Regen+ rCorr Int+3} (You bought it in a shop on
                  | level 10 of the Dungeon)
 38331 | D:10     | Identified a scroll of acquirement
 38333 | D:10     | Acquired 745 gold pieces
 38460 | Shoals:1 | Entered Level 1 of the Shoals
 39561 | Shoals:1 | Reached XP level 17. HP: 99/108 MP: 36/36
 39682 | Shoals:1 | Noticed Kirke
 39691 | Shoals:1 | Killed Kirke
 40270 | Shoals:2 | Noticed Donald
 41321 | Shoals:2 | Noticed a kraken
 41333 | Shoals:2 | Killed a kraken
 41787 | Shoals:2 | Killed Donald
 41983 | Shoals:3 | Got the Commentary on the Snowflakes and Bombardment
 42259 | Shoals:3 | Reached skill level 10 in Ice Magic
 43479 | Shoals:4 | Entered Level 4 of the Shoals
 43716 | Shoals:4 | Paralysed by an air elemental for 1 turns
 44588 | Shoals:4 | Paralysed by an air elemental for 1 turns
 44608 | Shoals:4 | Learned a level 7 spell: Ozocubu's Refrigeration
 44754 | Shoals:4 | Paralysed by an air elemental for 1 turns
 44824 | Shoals:4 | Reached XP level 18. HP: 114/114 MP: 37/37
 44966 | Shoals:4 | Identified the ring of the Castellan {Fire rElec rPois
                  | Int-3 Dex+8}
 44974 | Shoals:4 | Paralysed by an air elemental for 1 turns
 45410 | Shoals:4 | Identified the +0 leather armour "Tipna" {rPois Str+4
                  | Int-3}
 45537 | Shoals:4 | Noticed Polyphemus
 45541 | Shoals:4 | Killed Polyphemus
 45843 | Shoals:4 | Got a barnacled rune of Zot
 46126 | Snake:1  | Entered Level 1 of the Snake Pit
 46177 | Snake:1  | Identified the serpent talisman of Ravioli {Will- rCorr
                  | Int+8}
 46177 | Snake:1  | Noticed Aizul
 46181 | Snake:1  | Killed Aizul
 46612 | Snake:1  | Noticed Frances
 46627 | Snake:1  | Killed Frances
 46673 | Snake:1  | Found a transporter.
 46746 | Snake:1  | Noticed croobank's ghost (adept FeSu)
 46758 | Snake:1  | Found a transporter.
 47235 | Snake:1  | Noticed Roxanne
 47601 | Snake:1  | Noticed Nikola
 47636 | Snake:1  | Killed Nikola
 48062 | Snake:1  | Killed Roxanne
 48063 | Snake:1  | Reached skill level 15 in Ice Magic
 50270 | Snake:2  | Reached XP level 19. HP: 119/119 MP: 38/38
 50480 | Snake:2  | Identified the +6 morningstar of Melee {flame, rC+ Dex+2
                  | SInv}
 52923 | Snake:4  | Entered Level 4 of the Snake Pit
 54020 | Snake:4  | Found a shimmering altar of Xom.
 55334 | Snake:4  | Reached XP level 20. HP: 125/125 MP: 39/39
 55693 | Snake:4  | Got a serpentine rune of Zot
 56089 | Snake:1  | Killed croobank's ghost
 56618 | Orc:2    | Bought a manual of Ice Magic for 1280 gold pieces
 56754 | Vaults:1 | Entered Level 1 of the Vaults
 56754 | Vaults:1 | Found Fued's Weapon Boutique.
 61262 | Vaults:2 | Reached skill level 10 in Armour
 61781 | Vaults:2 | Reached XP level 21. HP: 132/132 MP: 40/40
 62551 | Vaults:2 | Found Faikir's Weapon Shoppe.
 64218 | Vaults:3 | Found a staircase to the Crypt.
 64218 | Vaults:3 | Found an ancient bone altar of Kikubaaqudgha.
 64218 | Vaults:3 | Found a basalt altar of Yredelemnul.
 64657 | Vaults:3 | Reached skill level 10 in Dodging
 65172 | Vaults:3 | Found Gag Gax's Magic Scroll Shoppe.
 65852 | D:10     | Bought the macabre finger necklace {Finger+ rN+} for 560
                  | gold pieces
 65852 | D:10     | Found the macabre finger necklace {Finger+ rN+}
 66702 | Lair:3   | Learned a level 9 spell: Polar Vortex
 67246 | Vaults:4 | Reached XP level 22. HP: 138/138 MP: 41/41
 68102 | Vaults:4 | Found Suteheipp's Antique Armour Emporium.
 68110 | Vaults:4 | Bought a dazzling scale mail for 306 gold pieces
 68110 | Vaults:4 | Identified the +4 scale mail "Reega" {Rampage Dex+3} (You
                  | bought it in a shop on level 4 of the Vaults)
 68110 | Vaults:4 | Bought a runed robe for 125 gold pieces
 68110 | Vaults:4 | Bought a pair of glowing gloves for 255 gold pieces
 68541 | Depths:1 | Entered Level 1 of the Depths
 68541 | Depths:1 | Noticed Bai Suzhen
 68578 | D:15     | Killed Bai Suzhen
 68926 | Depths:1 | Noticed Sojobo
 68933 | Depths:1 | Killed Sojobo
 69976 | Depths:1 | Found a gateway to Hell.
 70392 | Depths:1 | Found a portal to a secret trove of treasure.
 70739 | Depths:1 | You paid a toll of 15 potions of curing to enter a treasure
                  | trove
 70740 | Trove    | Entered a treasure trove
 70806 | Trove    | Identified the +0 kite shield of Articulation {Regen+
                  | Str+2}
 70808 | Trove    | Identified the +0 tower shield of Gelumeope {rN+++ Will+
                  | Dex-5 Slay+5}
 70833 | Trove    | Identified the +2 pair of gloves of the Chupacabra {rElec
                  | rF- rCorr Str-5}
 71139 | Orc:2    | Bought a +6 ring of intelligence for 468 gold pieces
 71567 | Depths:2 | Found a one-way gateway to a ziggurat.
 71570 | Depths:2 | Found a one-way gate to the infinite horrors of the Abyss.
 72095 | Depths:2 | Identified the amulet of Hepliaklqana's Whim {RegenMP
                  | Str+3}
 72499 | Depths:2 | Found a one-way gate leading to the halls of Pandemonium.
 72509 | Depths:2 | Reached XP level 23. HP: 120/143 MP: 43/43
 72772 | Depths:2 | Identified the +0 plate armour of the Pits of Slime {Will+
                  | Str+3 Int-2 Dex+4}
 73109 | Depths:2 | Got Ebramome's Octavo of Arenous Arcane Combat
 73809 | Depths:3 | Found Hup Egogi's Antique Armour Shop.
 73812 | Depths:3 | Bought a shiny kite shield for 292 gold pieces
 73812 | Depths:3 | Bought a jewelled ring mail for 351 gold pieces
 73812 | Depths:3 | Identified the +0 ring mail of Xiedgh {rElec Dex+4 Slay+2}
                  | (You bought it in a shop on level 3 of the Depths)
 73812 | Depths:3 | Bought an ancient ring mail for 351 gold pieces
 73812 | Depths:3 | Identified the +2 ring mail of Privacy {Str+2} (You bought
                  | it in a shop on level 3 of the Depths)
 73875 | Depths:3 | Reached skill level 15 in Fighting
 74011 | Depths:3 | Noticed a golden dragon
 74026 | Depths:3 | Killed a golden dragon
 74142 | Depths:3 | Found a runed translucent door.
 74190 | Depths:3 | Acquired 652 gold pieces
 74594 | Depths:4 | Entered Level 4 of the Depths
 74613 | Depths:4 | Identified the +1 robe of Tenacity {Harm Rampage Int+7
                  | Dex-3}
 74910 | Depths:4 | Learned a level 3 spell: Swiftness
 74955 | Depths:4 | Identified the ring "Gidetiffia" {AC+4 Dex+3}
 75086 | Depths:4 | Reached skill level 1 in Air Magic
 75212 | Depths:4 | Found a gate to the Realm of Zot.
 75228 | Depths:4 | Reached XP level 24. HP: 142/154 MP: 43/43
 75275 | Depths:4 | Identified the +5 falchion of Radicalism {flame, rC+}
 75857 | Depths:4 | Identified the +10 shortbow of the Crypt {heavy, rF+ rC++
                  | Dex+2}
 76056 | Elf:1    | Entered Level 1 of the Elven Halls
 76144 | Elf:1    | Found a radiant altar of Vehumet.
 76355 | Elf:1    | Noticed Asterion
 76359 | Elf:1    | Killed Asterion
 76700 | Elf:1    | Found Vusil's Antique Weapon Emporium.
 77517 | Elf:2    | Found a runed translucent gate.
 77518 | Elf:2    | Found a runed translucent gate.
 77518 | Elf:2    | Found a runed translucent gate.
 77910 | Elf:2    | Identified the +9 short sword of Xynwiclon {freeze, rElec
                  | Str+2}
 77988 | Elf:2    | Identified the +7 falchion "Cuykkut" {heavy, rElec rF-
                  | Str+2}
 78279 | Elf:3    | Entered Level 3 of the Elven Halls
 78401 | Elf:3    | Found Hidoep's Antique Armour Emporium.
 78404 | Elf:3    | Noticed Zenata
 78415 | Elf:3    | Killed Zenata
 78568 | Elf:3    | Bought a pair of glowing boots for 232 gold pieces
 78568 | Elf:3    | Bought a pair of runed boots for 232 gold pieces
 79560 | Elf:3    | Noticed Boris
 79568 | Elf:3    | Killed Boris
 79703 | Elf:3    | Found the +5 demon whip "Spellbinder" {antimagic, disrupt,
                  | Will+}
 79710 | Elf:3    | Identified the +7 short sword of the Abyss {drain, rPois
                  | rF+ SInv}
 79714 | Elf:3    | Identified the staff of the Uplifting Tiger {rElec rC+ Ice}
 79717 | Elf:3    | Identified the +1 scale mail of Existentialism {rN+ Will-
                  | Dex+2 Stlth+}
 79726 | Elf:3    | Identified the ring "Rynunost" {rElec rPois Int+5}
 79732 | Elf:3    | Identified the +2 plate armour of Essitz {Harm +Inv rC+
                  | Dex+2}
 79738 | Elf:3    | Got Heciloz's Codex of Angles and Clay
 79893 | Orc:2    | Bought a potion of magic for 96 gold pieces
 80135 | Vaults:5 | Entered Level 5 of the Vaults
 80141 | Vaults:5 | Reached XP level 25. HP: 169/169 MP: 44/44
 80279 | Vaults:5 | Noticed an ancient lich
 80284 | Vaults:5 | Killed an ancient lich
 80977 | Vaults:5 | Noticed a dread lich
 80983 | Vaults:5 | Killed a dread lich
 80994 | Vaults:5 | Identified the +8 war axe "Ynathrih" {protect, +Blink rCorr
                  | Str-5 Stlth+}
 81512 | Vaults:5 | Noticed a dread lich
 81522 | Vaults:5 | Killed a dread lich
 81803 | Vaults:5 | Identified the +6 long sword of Cag Ojae {protect, rF+ rN+
                  | Str-5 Int+3}
 82386 | Vaults:5 | Got a silver rune of Zot
 82854 | Crypt:1  | Entered Level 1 of the Crypt
 82962 | Crypt:1  | Found a runed translucent door.
 82963 | Crypt:1  | Noticed Fainec's ghost (veteran GrEE)
 82976 | Crypt:1  | Killed Fainec's ghost
 82977 | Crypt:1  | Reached XP level 26. HP: 145/184 MP: 28/44
 83873 | Crypt:1  | Noticed Vv
 83889 | Crypt:1  | Killed Vv
 84729 | Crypt:2  | Identified the +6 morningstar of Feafaatuor {flame,
                  | ^Fragile +Blink rElec Int+9}
 84790 | Crypt:2  | Found a runed translucent door.
 84791 | Crypt:2  | Noticed a dread lich
 84803 | Crypt:2  | Killed a dread lich
 84919 | Crypt:2  | Reached skill level 15 in Earth Magic
 85344 | Crypt:3  | Entered Level 3 of the Crypt
 85422 | Crypt:3  | Found a staircase to the Tomb.
 86050 | Crypt:3  | Found an ancient bone altar of Kikubaaqudgha.
 86050 | Crypt:3  | Noticed Mennas
 86162 | Crypt:3  | Noticed Jory
 86167 | Crypt:3  | Killed Jory
 86655 | Crypt:3  | Identified the ring of Qazlal's Whim {rC++ rN+ Dex+3}
 86688 | Crypt:3  | Killed Mennas
 86899 | Crypt:3  | Found a basalt altar of Yredelemnul.
 86940 | Crypt:3  | Found the +7 sceptre of Torment {pain, torment}
 86949 | Crypt:3  | Identified the +2 hat of Uskayaw {Str+2}
 86950 | Crypt:3  | Identified the +6 spear of the Grand God {venom, rC+}
 86951 | Crypt:3  | Identified the ring "Safazuitz" {^Contam rC+ rN+ Int+3}
 87657 | Slime:1  | Entered Level 1 of the Pits of Slime
 88545 | Slime:2  | Reached XP level 27. HP: 190/190 MP: 45/45
 88595 | Slime:5  | Entered Level 5 of the Pits of Slime
 88798 | Slime:5  | Gained mutation: Your magical capacity is low. (-10% MP) [a
                  | shining eye]
 89654 | Slime:5  | Found a viscous altar of Jiyva.
 89920 | Slime:5  | Reached skill level 10 in Shields
 90401 | Slime:5  | Noticed the Royal Jelly
 90411 | Slime:5  | Killed the Royal Jelly
 90569 | Slime:5  | Got a slimy rune of Zot
 90583 | Slime:5  | Identified the +8 halberd of Equilibrium {drain, rN+ Str+7}
 90763 | Slime:5  | Identified the ring "Xemus" {rPois rF+ Str+4}
 90769 | Slime:5  | Identified the +1 plate armour of Okawaru's Whim {Int+5
                  | SInv}
 90779 | Slime:5  | Identified the +2 orcbow "Leock" {freeze, rC+ Int+2 Dex+3
                  | Stlth+}
 90780 | Slime:5  | Identified the +6 spear "Hurphucvu" {drain, *Corrode rF++
                  | rN+}
 90819 | Slime:5  | Identified the +3 rapier of Qiuxalo {flame, Int+3 Dex+4}
 90821 | Slime:5  | Identified the +0 plate armour "Lepsutakh" {rPois Dex+3}
 90822 | Slime:5  | Identified the staff "Uffaykki" {rElec rPois MP+9 Str-2 Ice
                  | Air}
 90831 | Slime:5  | Got the Meditations on the Flock
 91607 | Depths:1 | Bought a twisted ring mail for 360 gold pieces
 91607 | Depths:1 | Identified the +1 ring mail "Taan" {^Drain rN++ Dex+2 SInv}
                  | (You bought it in a shop on level 1 of the Depths)
 91607 | Depths:1 | Bought a pair of bloodstained gloves for 380 gold pieces
 91607 | Depths:1 | Identified the +2 pair of gloves "Jox Foa" {Int+2} (You
                  | bought it in a shop on level 1 of the Depths)
 91677 | Zot:1    | Entered Level 1 of the Realm of Zot
 92574 | Zot:1    | Reached skill level 15 in Shields
 92576 | Zot:1    | Learned a level 1 spell: Apportation
 92581 | Zot:1    | Learned a level 4 spell: Passage of Golubria
 92815 | Zot:1    | Reached skill level 1 in Translocations
 93674 | Zot:2    | You are sucked into a shaft and drop 2 floors!
 93832 | Zot:4    | Noticed an orb of fire
 93837 | Zot:4    | Killed an orb of fire
 93838 | Zot:4    | Reached skill level 5 in Translocations
 94542 | Zot:3    | Reached skill level 15 in Conjurations
 94999 | Zot:3    | Found a transporter.
 95530 | Zot:3    | Found a transporter.
 95883 | Zot:4    | Identified the +7 broad axe of Broken Luck {freeze, Dex+3
                  | Stlth+}
 96435 | Zot:5    | Entered Level 5 of the Realm of Zot
 97376 | Zot:5    | Noticed an orb of fire
 97431 | Zot:5    | Noticed a dread lich
 97483 | Zot:5    | Noticed an orb of fire
 97546 | Zot:5    | Killed a dread lich
 97578 | Zot:5    | Gained mutation: Your spells are a little easier to cast,
                  | but a little less powerful. [an orb of fire]
 97579 | Zot:5    | Killed an orb of fire
 97627 | Zot:5    | Killed an orb of fire
 97692 | Zot:5    | Noticed an orb of fire
 97693 | Zot:5    | Gained mutation: Armour fits poorly on your strangely
                  | shaped body. [an orb of fire]
 97747 | Zot:4    | Learned a level 8 spell: Lehudib's Crystal Spear
 97787 | Zot:5    | Gained mutation: Your body sometimes deteriorates upon
                  | taking damage. [an orb of fire]
 97792 | Zot:5    | Gained mutation: You sometimes lose your temper in combat.
                  | [an orb of fire]
 97793 | Zot:5    | Killed an orb of fire
 98012 | Zot:5    | Noticed a dread lich
 98077 | Zot:5    | Noticed an orb of fire
 98077 | Zot:5    | Gained mutation: Your spells are easier to cast, but less
                  | powerful. [an orb of fire]
 98081 | Zot:5    | Gained mutation: You are dopey. (Int -2) [an orb of fire]
 98082 | Zot:5    | Noticed an orb of fire
 98083 | Zot:5    | Killed an orb of fire
 98083 | Zot:5    | Noticed an ancient lich
 98140 | Zot:4    | Paralysed by something for 5 turns
 98147 | Zot:4    | Killed a dread lich
 98237 | Zot:5    | Killed an ancient lich
 98332 | Zot:5    | Killed an orb of fire
 98989 | Zot:5    | Lost mutation: Your spells are easier to cast, but less
                  | powerful. [potion of mutation]
 98989 | Zot:5    | Lost mutation: Your body sometimes deteriorates upon taking
                  | damage. [potion of mutation]
 98989 | Zot:5    | Gained mutation: You have a pair of small horns on your
                  | head. [potion of mutation]
 98989 | Zot:5    | Lost mutation: You are dopey. (Int -2) [potion of mutation]
 98989 | Zot:5    | Gained mutation: A frigid envelope surrounds you and
                  | freezes all who hurt you. [potion of mutation]
 98990 | Zot:5    | Lost mutation: You sometimes lose your temper in combat.
                  | [potion of mutation]
 98990 | Zot:5    | Lost mutation: A frigid envelope surrounds you and freezes
                  | all who hurt you. [potion of mutation]
 98990 | Zot:5    | Gained mutation: You have a pair of horns on your head.
                  | [potion of mutation]
 98991 | Zot:5    | Lost mutation: Armour fits poorly on your strangely shaped
                  | body. [potion of mutation]
 98991 | Zot:5    | Lost mutation: Your spells are a little easier to cast, but
                  | a little less powerful. [potion of mutation]
 98991 | Zot:5    | Gained mutation: Your body sometimes deteriorates upon
                  | taking damage. [potion of mutation]
 98992 | Zot:5    | Lost mutation: Your magical capacity is low. (-10% MP)
                  | [potion of mutation]
 98992 | Zot:5    | Lost mutation: Your body sometimes deteriorates upon taking
                  | damage. [potion of mutation]
 98992 | Zot:5    | Gained mutation: Your spells are a little harder to cast,
                  | but a little more powerful. [potion of mutation]
 98993 | Zot:5    | Lost mutation: Your spells are a little harder to cast, but
                  | a little more powerful. [potion of mutation]
 98993 | Zot:5    | Lost mutation: You have a pair of horns on your head.
                  | [potion of mutation]
 98993 | Zot:5    | Gained mutation: Your movements are slightly less
                  | encumbered by armour. (ER -2) [potion of mutation]
 98993 | Zot:5    | Gained mutation: You have a pair of horns on your head.
                  | [potion of mutation]
 98993 | Zot:5    | Gained mutation: A frigid envelope surrounds you and
                  | freezes all who hurt you. [potion of mutation]
 98993 | Zot:5    | Gained mutation: Your spells are a little harder to cast,
                  | but a little more powerful. [potion of mutation]
 98994 | Zot:5    | Lost mutation: Your spells are a little harder to cast, but
                  | a little more powerful. [potion of mutation]
 98994 | Zot:5    | Lost mutation: Your movements are slightly less encumbered
                  | by armour. (ER -2) [potion of mutation]
 98995 | Zot:5    | Lost mutation: A frigid envelope surrounds you and freezes
                  | all who hurt you. [potion of mutation]
 98995 | Zot:5    | Lost mutation: You have a pair of horns on your head.
                  | [potion of mutation]
 98995 | Zot:5    | Lost mutation: You have a pair of small horns on your head.
                  | [potion of mutation]
 98995 | Zot:5    | Gained mutation: You are partially covered in iridescent
                  | scales. (AC +2) [potion of mutation]
 98995 | Zot:5    | Gained mutation: You are strong-willed. (Will+) [potion of
                  | mutation]
 98995 | Zot:5    | Gained mutation: You have sharp toenails. [potion of
                  | mutation]
 99187 | Depths:1 | Bought a polished ring mail for 414 gold pieces
 99187 | Depths:1 | Identified the +0 ring mail of Parlour Games {SInv} (You
                  | bought it in a shop on level 1 of the Depths)
 99187 | Depths:1 | Bought a slimy leather armour for 322 gold pieces
 99187 | Depths:1 | Identified the +0 leather armour "Jaddonit" {Int+4} (You
                  | bought it in a shop on level 1 of the Depths)
 99187 | Depths:1 | Bought a runed robe for 170 gold pieces
100286 | Hell     | Entered the Vestibule of Hell
100286 | Hell     | Noticed Geryon
100293 | Hell     | Killed Geryon
100867 | Hell     | Found a gateway to the ashen valley of Gehenna.
100948 | Hell     | Found a gateway to the decaying netherworld of Tartarus.
101048 | Hell     | Found a gateway to the freezing wastes of Cocytus.
101142 | Hell     | Found a gateway to the Iron City of Dis.
101188 | Geh:1    | Entered Level 1 of Gehenna
101816 | Geh:7    | Entered Level 7 of Gehenna
102499 | Geh:7    | Identified the amulet "Nouffeu" {Spirit Will+ Int-3 Stlth+}
102773 | Geh:7    | Reached skill level 10 in Stealth
103069 | Geh:7    | Found the +13 sceptre of Asmodeus
103069 | Geh:7    | Noticed Asmodeus
103080 | Geh:7    | Killed Asmodeus
103153 | Geh:7    | Found the +2 hat of the Bear Spirit {Spirit, Bear, *Rage
                  | Will++}
103181 | Geh:7    | Got an obsidian rune of Zot
103322 | Geh:7    | Identified the +13 plate armour "Tucu" {*Corrode rPois
                  | Stlth+}
103563 | Hell     | Bought a book of Minor Magic for 240 gold pieces
103566 | Hell     | Learned a level 2 spell: Blink
103574 | Hell     | Bought a warped cloak for 294 gold pieces
103574 | Hell     | Identified the +1 cloak of Zavonety {rF- Regen+ rCorr
                  | Stlth-} (You bought it in a shop in the Vestibule of Hell)
103574 | Hell     | Bought a faintly humming ring mail for 279 gold pieces
103574 | Hell     | Identified the +4 ring mail "Zihetuff" {Harm +Blink Will+
                  | Str-5} (You bought it in a shop in the Vestibule of Hell)
103736 | Pan      | Entered Pandemonium
104776 | Pan      | Found a glowing silver altar of Zin.
105314 | Pan      | Found a white marble altar of Elyvilon.
105322 | Pan      | Reached skill level 15 in Armour
106507 | Pan      | Found a glowing golden altar of the Shining One.
106514 | Pan      | Noticed a seraph
106518 | Pan      | Killed a seraph
106612 | Pan      | Got a demonic rune of Zot
106624 | Pan      | Got the Octavo of the Beaker and the Mortuary
107053 | Pan      | Identified the +0 tower shield "Oguew" {^Contam Str+5
                  | Int+3}
107072 | Depths:2 | Escaped Pandemonium
107108 | Pan      | Entered the realm of Lom Lobon.
107108 | Pan      | Entered Pandemonium
107401 | Pan      | Noticed Lom Lobon
107406 | Pan      | Killed Lom Lobon
107604 | Pan      | Got a magical rune of Zot
108979 | Pan      | Noticed Azosch the pandemonium lord
109040 | Pan      | Killed Azosch the pandemonium lord
110092 | Pan      | Noticed Yriunev the pandemonium lord
110110 | Pan      | Killed Yriunev the pandemonium lord
111332 | Pan      | Noticed Gair the pandemonium lord
111377 | Pan      | Noticed Wyeshak the pandemonium lord
111512 | Pan      | Found a runed translucent door.
111516 | Pan      | Found a runed translucent door.
111519 | Pan      | Found a runed translucent door.
111522 | Pan      | Noticed Oxehoeck the pandemonium lord
111528 | Pan      | Entered the realm of Cerebov.
112324 | Pan      | Found the +6 sword of Cerebov {flame}
112324 | Pan      | Noticed Cerebov
112325 | Pan      | Identified the ring of Exzyhosk {rPois Will+ rCorr Dex+6}
112449 | Pan      | Identified the +8 halberd "Bomu" {holy, *Corrode Fly rC+
                  | Dex+2}
112575 | Pan      | Killed Cerebov
112646 | Pan      | Got a fiery rune of Zot
112788 | Pan      | Noticed Eckiesen the pandemonium lord
112793 | Pan      | Killed Eckiesen the pandemonium lord
112875 | Depths:2 | Escaped Pandemonium
112879 | Pan      | Entered the realm of Gloorx Vloq.
112879 | Pan      | Entered Pandemonium
113310 | Pan      | Identified the +1 spear "Metwibbe" {pain, rElec rF+ rC++
                  | rN+}
114185 | Pan      | Noticed Gloorx Vloq
114191 | Pan      | Killed Gloorx Vloq
114293 | Pan      | Got a dark rune of Zot
114642 | Pan      | Found an exit through the horrors of the Abyss.
114664 | Pan      | Entered the realm of Mnoleg.
114671 | Pan      | Gained mutation: You are frail. (-10% HP) [a neqoxec]
115140 | Pan      | Gained mutation: You are vulnerable to cold. (rC-) [a
                  | cacodemon]
115142 | Pan      | Gained mutation: You are clumsy. (Dex -2) [a cacodemon]
115718 | Pan      | Noticed Mnoleg
115731 | Pan      | Killed Mnoleg
115732 | Pan      | Reached skill level 27 in Spellcasting
115960 | Pan      | Got a glowing rune of Zot
116492 | Pan      | Gained mutation: You sometimes lose your temper in combat.
                  | [a cacodemon]
116567 | Pan      | Gained mutation: Your body sometimes deteriorates upon
                  | taking damage. [a cacodemon]
116842 | Pan      | Gained mutation: You have an uncontrollable temper. [a
                  | neqoxec]
117505 | Pan      | Lost mutation: You have an uncontrollable temper. [potion
                  | of mutation]
117505 | Pan      | Lost mutation: Your body sometimes deteriorates upon taking
                  | damage. [potion of mutation]
117505 | Pan      | Gained mutation: Your flesh is heat resistant. (rF+)
                  | [potion of mutation]
117506 | Pan      | Lost mutation: You are strong-willed. (Will+) [potion of
                  | mutation]
117506 | Pan      | Lost mutation: You have sharp toenails. [potion of
                  | mutation]
117506 | Pan      | Lost mutation: You are vulnerable to cold. (rC-) [potion of
                  | mutation]
117506 | Pan      | Gained mutation: You are strong-willed. (Will+) [potion of
                  | mutation]
117506 | Pan      | Gained mutation: You have sharp toenails. [potion of
                  | mutation]
117507 | Pan      | Lost mutation: You sometimes lose your temper in combat.
                  | [potion of mutation]
117507 | Pan      | Lost mutation: You are strong-willed. (Will+) [potion of
                  | mutation]
117507 | Pan      | Gained mutation: You occasionally lose the ability to read
                  | scrolls when taking damage. [potion of mutation]
117507 | Pan      | Gained mutation: You have razor-sharp toenails. [potion of
                  | mutation]
117508 | Pan      | Lost mutation: You are partially covered in iridescent
                  | scales. (AC +2) [potion of mutation]
117508 | Pan      | Lost mutation: You occasionally lose the ability to read
                  | scrolls when taking damage. [potion of mutation]
117508 | Pan      | Gained mutation: Your muscles are strong. (Str +4, Int/Dex
                  | -1) [potion of mutation]
117508 | Pan      | Gained mutation: Your spells are a little harder to cast,
                  | but a little more powerful. [potion of mutation]
117626 | Pan      | Found an exit through the horrors of the Abyss.
117990 | Pan      | Learned a level 9 spell: Shatter
118278 | Pan      | Found an exit through the horrors of the Abyss.
118375 | Pan      | Noticed Mulidiss the pandemonium lord
118457 | Pan      | Killed Mulidiss the pandemonium lord
119164 | Pan      | Noticed Eleomaiwn the pandemonium lord
119171 | Pan      | Killed Eleomaiwn the pandemonium lord
119436 | Pan      | Noticed Pug Ula the pandemonium lord
119440 | Pan      | Killed Pug Ula the pandemonium lord
120147 | Pan      | Found an exit through the horrors of the Abyss.
120429 | Pan      | Found an exit through the horrors of the Abyss.
120779 | Pan      | Reached skill level 1 in Throwing
120809 | Pan      | Noticed Dedgheol the pandemonium lord
120813 | Pan      | Killed Dedgheol the pandemonium lord
121000 | Pan      | Reached skill level 5 in Throwing
121631 | Pan      | Gained mutation: You occasionally lose the ability to drink
                  | potions when taking damage. [a neqoxec]
121706 | Pan      | Noticed Qink the pandemonium lord
121716 | Depths:2 | Escaped Pandemonium
121836 | Coc:1    | Entered Level 1 of Cocytus
121965 | Coc:2    | Reached skill level 10 in Throwing
122054 | Coc:3    | Paralysed by a wendigo for 1 turns
122288 | Coc:5    | Noticed an ancient lich
122300 | Coc:5    | Killed an ancient lich
122567 | Coc:6    | Paralysed by a wendigo for 1 turns
122572 | Coc:6    | Reached skill level 15 in Throwing
122651 | Coc:7    | Entered Level 7 of Cocytus
122698 | Coc:7    | Paralysed by a wendigo for 1 turns
122991 | Coc:7    | Identified the +1 robe of Noughts and Crosses {Regen+
                  | Dex+3}
123046 | Coc:7    | Noticed Antaeus
123188 | Coc:7    | Noticed the Serpent of Hell
123229 | Coc:7    | Killed the Serpent of Hell
123360 | Coc:7    | Identified the +4 shortbow "Gram" {speed, Dex+2}
123366 | Coc:7    | Identified the +11 sling of Wrath {heavy, rF+}
123413 | Coc:7    | Noticed a dread lich
123420 | Coc:7    | Killed a dread lich
123421 | Coc:7    | Paralysed by a wendigo for 1 turns
123910 | Coc:7    | Killed Antaeus
124021 | Coc:7    | Got an icy rune of Zot
124097 | Hell     | Bought a polished chain mail for 294 gold pieces
124097 | Hell     | Identified the +8 chain mail of the Rose {-Cast rPois
                  | Slay+2 SInv} (You bought it in a shop in the Vestibule of
                  | Hell)
124112 | Hell     | Bought a shimmering chain mail for 275 gold pieces
124112 | Hell     | Identified the +0 chain mail of Yesterday {+Inv Str-2 Int-5
                  | Dex+8} (You bought it in a shop in the Vestibule of Hell)
124115 | Hell     | Bought a brightly glowing ring mail for 225 gold pieces
124115 | Hell     | Identified the +1 ring mail "Hoem" {rPois rF- Regen+ SInv}
                  | (You bought it in a shop in the Vestibule of Hell)
124115 | Hell     | Bought a translucent cloak for 237 gold pieces
124115 | Hell     | Identified the +2 cloak of Dramatic Exits {Dex+3} (You
                  | bought it in a shop in the Vestibule of Hell)
124115 | Hell     | Bought a spiked scale mail for 225 gold pieces
124115 | Hell     | Identified the +4 scale mail "Tynto" {rElec rN+ MP-9 Dex+3}
                  | (You bought it in a shop in the Vestibule of Hell)
124115 | Hell     | Bought a polished leather armour for 175 gold pieces
124115 | Hell     | Identified the +4 leather armour of Gravitas {-Cast rElec
                  | rF+ rC+} (You bought it in a shop in the Vestibule of Hell)
124519 | Dis:1    | Entered Level 1 of the Iron City of Dis
126203 | Dis:7    | Entered Level 7 of the Iron City of Dis
126671 | Dis:7    | Noticed a juggernaut
126680 | Dis:7    | Killed a juggernaut
127831 | Dis:7    | Noticed a juggernaut
127955 | Dis:7    | Killed a juggernaut
128037 | Dis:7    | Identified the ring of Winter {Wiz rElec Str+3 Dex+3
                  | Stlth-}
128564 | Dis:7    | Identified the +2 falchion "Urphovvi" {venom, rN+}
128685 | Dis:7    | Noticed a juggernaut
128690 | Dis:7    | Killed a juggernaut
128894 | Dis:7    | Identified the ring "Hyfoilek" {rC+ Str-5 Dex+6 Slay+3}
128894 | Dis:7    | Noticed Dispater
129072 | Dis:7    | Killed Dispater
129157 | Dis:7    | Identified the +0 scale mail "Nedeghisk" {rPois Str+2}
129163 | Dis:7    | Got an iron rune of Zot
129585 | Depths:1 | Bought 2 silver javelins for 360 gold pieces
129839 | Vaults:1 | Bought 3 silver javelins for 513 gold pieces
131086 | Tar:1    | Entered Level 1 of Tartarus
131691 | Tar:6    | Noticed a dread lich
131699 | Tar:6    | Paralysed by something for 4 turns
131700 | Tar:6    | Killed a dread lich
131801 | Tar:7    | Entered Level 7 of Tartarus
132251 | Tar:7    | Reached skill level 15 in Dodging
132552 | Tar:7    | Identified the staff "Lygheax" {rC++ Int+2 Conj Earth}
132556 | Tar:7    | Identified the +1 leather armour of Vexation {rC+ Int-5
                  | Slay+5 Stlth+}
132657 | Tar:7    | Noticed an ancient lich
132657 | Tar:7    | Noticed a dread lich
132657 | Tar:7    | Noticed an ancient lich
132660 | Tar:7    | Killed a dread lich
132661 | Tar:7    | Killed an ancient lich
132661 | Tar:7    | Killed an ancient lich
132711 | Tar:7    | Identified the +2 halberd of Absolution {freeze, SInv}
133239 | Tar:7    | Noticed Ereshkigal
133288 | Tar:7    | Killed Ereshkigal
133372 | Tar:7    | Got a bone rune of Zot
133660 | Depths:3 | Voluntarily entered the Abyss.
133954 | Abyss:3  | Acquired 755 gold pieces
134160 | Abyss:3  | Found a corrupted altar of Lugonu.
134194 | Abyss:3  | Found a corrupted altar of Lugonu.
134385 | Abyss:3  | Found a corrupted altar of Lugonu.
134391 | Abyss:3  | Found a corrupted altar of Lugonu.
134391 | Abyss:3  | Found a corrupted altar of Lugonu.
134403 | Abyss:3  | Found a corrupted altar of Lugonu.
134661 | Abyss:3  | Got an abyssal rune of Zot
134894 | Abyss:3  | Found a corrupted altar of Lugonu.
135340 | Abyss:3  | Noticed a dread lich
135344 | Abyss:3  | Killed a dread lich
135688 | Abyss:3  | Reached skill level 27 in Fighting
135727 | Depths:3 | Escaped the Abyss
135799 | Hell     | Bought the ring "Soepp" {rElec rCorr MP+9 EV+5} for 1043
                  | gold pieces
135809 | Hell     | Lost mutation: You occasionally lose the ability to drink
                  | potions when taking damage. [potion of mutation]
135809 | Hell     | Lost mutation: You are frail. (-10% HP) [potion of
                  | mutation]
136135 | Tomb:1   | Entered Level 1 of the Tomb of the Ancients
136354 | Tomb:1   | Paralysed by a sphinx for 5 turns
136374 | Tomb:1   | Noticed a royal mummy
136378 | Tomb:1   | Noticed a royal mummy
136382 | Tomb:1   | Noticed a royal mummy
136384 | Tomb:1   | Noticed a royal mummy
136385 | Tomb:1   | Killed a royal mummy
136386 | Tomb:1   | Noticed a royal mummy
136386 | Tomb:1   | Killed a royal mummy
136387 | Tomb:1   | Noticed a royal mummy
136388 | Tomb:1   | Noticed a royal mummy
136389 | Tomb:1   | Noticed a royal mummy
136394 | Tomb:1   | Killed a royal mummy
136397 | Tomb:1   | Noticed a royal mummy
136398 | Tomb:1   | Killed a royal mummy
136398 | Tomb:1   | Killed a royal mummy
136399 | Tomb:1   | Killed a royal mummy
136399 | Tomb:1   | Killed a royal mummy
136399 | Tomb:1   | Noticed a royal mummy
136401 | Tomb:1   | Killed a royal mummy
136402 | Tomb:1   | Noticed a royal mummy
136407 | Tomb:1   | Killed a royal mummy
136409 | Tomb:1   | Killed a royal mummy
136572 | Tomb:1   | Killed a royal mummy
136842 | Tomb:1   | Noticed a royal mummy
136847 | Tomb:1   | Killed a royal mummy
137081 | Tomb:1   | Noticed a royal mummy
137081 | Tomb:1   | Noticed a royal mummy
137086 | Tomb:1   | Killed a royal mummy
137088 | Tomb:1   | Noticed a royal mummy
137089 | Tomb:1   | Killed a royal mummy
137090 | Tomb:1   | Noticed a royal mummy
137094 | Tomb:1   | Killed a royal mummy
137094 | Tomb:1   | Noticed a royal mummy
137095 | Tomb:1   | Killed a royal mummy
137097 | Tomb:1   | Killed a royal mummy
137102 | Tomb:1   | Noticed a royal mummy
137107 | Tomb:1   | Killed a royal mummy
137116 | Tomb:1   | Noticed a royal mummy
137122 | Tomb:1   | Killed a royal mummy
137199 | Tomb:1   | Noticed a royal mummy
137206 | Tomb:1   | Killed a royal mummy
137293 | Tomb:1   | Noticed a royal mummy
137297 | Tomb:1   | Killed a royal mummy
137302 | Tomb:1   | Noticed a royal mummy
137309 | Tomb:1   | Killed a royal mummy
137457 | Tomb:1   | Noticed a royal mummy
137459 | Tomb:1   | Noticed a royal mummy
137462 | Tomb:1   | Noticed a royal mummy
137464 | Tomb:1   | Killed a royal mummy
137464 | Tomb:1   | Killed a royal mummy
137465 | Tomb:1   | Killed a royal mummy
137562 | Tomb:2   | Paralysed by a Zot trap for 5 turns
137569 | Tomb:1   | Gained mutation: You are frail. (-10% HP) [mutagenic glow]
137585 | Tomb:1   | Gained mutation: You occasionally lose the ability to read
                  | scrolls when taking damage. [mutagenic glow]
137601 | Tomb:1   | Lost mutation: Your muscles are strong. (Str +4, Int/Dex
                  | -1) [mutagenic glow]
137626 | Tomb:2   | Noticed a royal mummy
137626 | Tomb:2   | Noticed a royal mummy
137626 | Tomb:2   | Noticed a royal mummy
137627 | Tomb:2   | Noticed a royal mummy
137630 | Tomb:2   | Reached skill level 27 in Ice Magic
137834 | Tomb:2   | Killed a royal mummy
137839 | Tomb:2   | Killed a royal mummy
137850 | Tomb:2   | Killed a royal mummy
137867 | Tomb:2   | Killed a royal mummy
138398 | Tomb:3   | Entered Level 3 of the Tomb of the Ancients
138440 | Tomb:3   | Noticed a royal mummy
138444 | Tomb:3   | Identified the amulet "Vecu" {Acrobat rF- rN+ Regen+}
138451 | Tomb:3   | Killed a royal mummy
138470 | Tomb:3   | Noticed a royal mummy
138474 | Tomb:3   | Killed a royal mummy
138476 | Tomb:3   | Noticed a royal mummy
138482 | Tomb:3   | Noticed a royal mummy
138491 | Tomb:3   | Killed a royal mummy
138583 | Tomb:3   | Noticed a royal mummy
138587 | Tomb:3   | Noticed a royal mummy
138595 | Tomb:3   | Noticed a royal mummy
138597 | Tomb:3   | Killed a royal mummy
138597 | Tomb:3   | Killed a royal mummy
138597 | Tomb:3   | Killed a royal mummy
138608 | Tomb:3   | Killed a royal mummy
138611 | Tomb:3   | Noticed a royal mummy
138616 | Tomb:3   | Killed a royal mummy
138769 | Tomb:3   | Noticed a royal mummy
138775 | Tomb:3   | Killed a royal mummy
138931 | Tomb:3   | Identified the orb of Seclic {mayhem, Str+4}
138950 | Tomb:3   | Identified the +4 plate armour "Batiu" {Harm rPois Regen+
                  | Int+2}
138970 | Tomb:3   | Identified the +0 chain mail of Xynutoqa {rF+ rN+}
138996 | Tomb:3   | Identified the ring of Daisies {rF+++ rC+ Str-3 Dex+6
                  | Slay+2}
139115 | Tomb:3   | Identified the +0 pair of gloves "Maihid" {rElec Int+2}
139322 | Tomb:3   | Got a golden rune of Zot
139912 | Zot:5    | Got the Orb of Zot
139933 | Zot:5    | Noticed Boris
139936 | Zot:5    | Killed Boris
140424 | D:$      | Escaped with the Orb!

Illustrated notes

Levels and vault maps discovered:
D:1:      roadster_arrival_rocket_small, layout_loops_ring, dk_noncrumbling_4
D:2:      layout_loops_ring, shapermc_ecumenical_altar_acropolis,
          lightli_corner_chamber
D:3:      layout_basic, serial_shops, shop, hellmonk_ghost_happy_afterlife,
          uniq_natasha
D:4:      layout_loops_corners, mainiacjoe_overflow_concentric_impassable,
          mainiacjoe_sewer_entry_somewhere_in_here_2
D:5:      lemuel_castle_with_subvaults [lemuel_castle_interior_carwin_3],
          layout_basic, gammafunk_ghost_cemetery
D:6:      layout_layer_cave, nicolae_qazlal_scattered_showers,
          minmay_temple_entry_drinking_statues, uniq_pikel
D:7:      layout_basic
D:8:      layout_basic, nicolae_hepliaklqana_monster_ancestors,
          nicolae_elevator_lobby_asterisk, uniq_psyche, uniq_maggie,
          uniq_amaemon
D:9:      layout_loops_cross, gammafunk_temple_overflow_wave,
          biasface_ghost_orc_armoury
D:10:     layout_cave_pools, hiddenorc2_lemuel, serial_shops,
          nicolae_square_shop, shop, nicolae_shop_hallway_stairs,
          minmay_misc_feat_diagonals, uniq_maurice, uniq_josephine, uniq_harold
D:11:     layout_irregular_city, erik_lair_dragon, serial_shops, shop,
          serial_column_ruins, column_ruins_hut, column_ruins_columns_straight,
          column_ruins_grid_1, column_ruins_open_large, column_ruins_open_small,
          column_ruins_columns_straight
D:12:     layout_basic, minmay_diamond_spiral
D:13:     layout_cave_pods, david_vaults_2, uniq_sonja
D:14:     layout_long_grid, minivault_11, fedhas_altar_1
D:15:     hangedman_depths_entry_civil_slaughter, layout_loops_ring,
          special_room [special_room_bee], chequers_serial_rivers_room_b,
          lightli_airlock
Temple:   bh_familiar_temple
Lair:1:   layout_concentric_octagons, nicolae_volcano_entry_vermiform,
          chequers_serial_rivers_micro_c, st_stairs_4, uniq_fannar
Lair:2:   nzn_winding_woodlands_stair_cross [nzn_winding_woodlands_5x15_crooked,
          nzn_winding_woodlands_center_diamonds, nzn_winding_woodlands_5x15_eye,
          nzn_winding_woodlands_5x5_open_star,
          nzn_winding_woodlands_5x5_default,
          nzn_winding_woodlands_5x15_sidewinder,
          nzn_winding_woodlands_center_lodge,
          nzn_winding_woodlands_5x15_jagged], layout_chaotic_city,
          minmay_shoals_entry_lonely_mermaid, grunt_forest_small_clearings,
          hibernation_bobbens, infiniplex_staircase_pool_2
Lair:3:   statuecave_lemuel, layout_loops_ring,
          minmay_snake_entry_six_corridors, hangedman_tree_tricks,
          dreamdust_mushroom_princess, infiniplex_staircase_pool
Lair:4:   gammafunk_worm_tunnel, layout_cave_pods, ebering_ghost_disaster_area
Lair:5:   hangedman_lair_tendril_chambers, layout_cave_shapes, slime_entry_2
Shoals:1: layout_shoals, dpeg_stationary_puzzle, uniq_kirke
Shoals:2: layout_shoals, nicolae_shoals_aquamancer_cove, uniq_donald
Shoals:3: layout_shoals, hangedman_shoal_volcano
Shoals:4: shoals_end_hellmonk_storm_palace [storm_palace_center_circular,
          storm_palace_corner_grid, storm_palace_corner_narrow,
          storm_palace_corner_blocked, storm_palace_corner_reverse_hut],
          uniq_polyphemus
Snake:1:  layout_onion_interference, gammafunk_ghost_arena, drop_trap,
          nicolae_snake_gridmaze_spiral, uniq_aizul, uniq_nikola, uniq_frances,
          uniq_roxanne
Snake:2:  layout_cave_town, hangedman_snake_sidewinding, grunt_megastairs_2
Snake:3:  nicolae_snake_unarmed_stairs_patrol, layout_grid_maze,
          nicolae_snake_salamander_stairs
Snake:4:  hellmonk_snake_rune_quicksilver_temple, layout_basic, basic_altar
Slime:1:  layout_caves, nicolae_slime_getting_an_eyeful
Slime:2:  cheibrodos_slime_lost_civilization_2, layout_caves
Slime:3:  layout_caves
Slime:4:  layout_caves
Slime:5:  slime_pit_nicolae_trefoil
Orc:1:    layout_caves
Orc:2:    st_orc_mages, layout_caves, serial_shops, nicolae_shop_statue_plus,
          lightli_church_of_beogh, uniq_jorgrun, uniq_erolcha
Elf:1:    minmay_elf_arrival_plus, layout_onion_city, basic_altar, serial_shops,
          nicolae_shop_just_a_little_nook, minivault_28, minivault_16,
          evilmike_minifort, uniq_asterion
Elf:2:    nicolae_elf_blades_crystal_corner, layout_onion_city,
          statue_in_the_mist_lemuel, serial_sigils_hangedman_snap
Elf:3:    minmay_elf_hall_dome, layout_geoelf_octagon, serial_shops, shop,
          uniq_zenata, uniq_boris
Vaults:1: nicolae_vaults_closet_pinwheel_3, st_star,
          nicolae_vaults_surprise_closet, vaults_mumra_hex,
          nicolae_vaults_twisting_passages, nicolae_vaults_diamond_2, v_rooms_5,
          nicolae_vaults_offset_grid_hallway_3, nicolae_vaults_what_the_h,
          vaults_dpeg_encased_lava, vaults_dpeg_diagonal,
          nicolae_vaults_little_squares_1, vaults_room_hallway,
          layout_vaults_ring, serial_shops, shop
Vaults:2: nicolae_vaults_closet_pinwheel_3, nicolae_vaults_heist, v_misc_18,
          nicolae_vaults_quartermaster, v_rooms_3, grunt_vaults_diagonal,
          hangedman_vaults_cutoff, ontoclasm_vaults_pinch,
          nicolae_vaults_tetromino_Z_1, nicolae_vaults_three_branches,
          v_misc_14, layout_vaults_big_cross, serial_shops,
          nicolae_shop_tiny_glass
Vaults:3: v_pattern_2, gargoyle_guard, hangedman_vaults_nails,
          minmay_crypt_entry_necro_gods, v_rooms_1, vaults_room_fancy_cross,
          nicolae_vaults_layer_cake_slice, hangedman_vaults_hat,
          hangedman_vaults_variations, vaults_standard_mumra_x,
          ontoclasm_vaults_gateway, layout_vaults_omnibox, serial_shops, shop
Vaults:4: nicolae_vaults_closet_pinwheel_1, nicolae_vaults_yaktaur_gun_rack,
          v_misc_15, nicolae_vaults_tetromino_Z_1, v_misc_26,
          nicolae_vaults_house_3, nicolae_vaults_trapezoid_lopsided_3,
          hangedman_vaults_capsules, vaults_dpeg_hooks, layout_vaults_big_room,
          serial_shops, nicolae_shop_overgrown_old_shop
Vaults:5: serial_shops
Crypt:1:  layout_basic, gammafunk_ghost_grave, chequers_hall_statues_corner_a,
          nicolae_crypt_little_mausoleum, uniq_vv
Crypt:2:  cheibrodos_crypt_cold_storage, layout_gridlike, grunt_ministairs_4
Crypt:3:  lightli_unholy_cathedral, layout_chaotic_city,
          hangedman_weighted_door, uniq_mennas, uniq_jory
Tomb:1
Tomb:2
Tomb:3
Depths:1: layout_big_octagon, nicolae_trove_entry_diagonal, serial_bayou_pond_d,
          grunt_hell_entry_dis_mu, kennysheep_windowed_goal,
          nicolae_triple_integral, uniq_bai_suzhen, uniq_sojobo
Depths:2: minmay_expanding_squares, layout_small_grid, enter_ziggurat_a,
          hangedman_tar_grid_catacomb, serial_sigils,
          serial_sigils_hangedman_leer, serial_sigils_hangedman_gut,
          serial_sigils_hangedman_clutch, serial_sigils_hangedman_gut,
          serial_sigils_hangedman_shear, serial_sigils_hangedman_etch,
          pan_entry, abyss_entry, minmay_misc_feat_rows
Depths:3: minmay_the_grid_triangle_9x9_line_8_mashed
          [minmay_the_grid_triangle_9x9_warning,
          minmay_the_grid_triangle_9x9_impossible_snake,
          minmay_the_grid_triangle_9x9_intruding_spiral,
          minmay_the_grid_triangle_9x9_negative_grid,
          minmay_the_grid_triangle_9x9_sparse_checkered,
          minmay_the_grid_triangle_9x9_checkered,
          minmay_the_grid_triangle_9x9_subtriangle,
          minmay_the_grid_triangle_9x9_prize_top_heavy], layout_cave_pools,
          serial_shops, nicolae_shop_behind_doors, abyss_entry,
          serial_sigils_hangedman_stare, hell_entry
Depths:4: grunt_zot_entry_funnels, layout_cave_pools, rand_demon_pan_entry_8,
          hell_entry, minivault_1, dispersion_dpeg
Hell
Dis:1:    layout_gridville
Dis:2:    nicolae_dis_pentagon_1, layout_overlapping_boxes
Dis:3:    layout_gridville
Dis:4:    nicolae_dis_array, layout_subdivisions
Dis:5:    nicolae_dis_heavy_handed_symbolism
Dis:6:    layout_overlapping_boxes
Dis:7:    dis_grunt_layers
Geh:1:    layout_gehenna_pools_basic
Geh:2:    layout_gehenna_pools_box
Geh:3:    layout_gehenna_pools_box
Geh:4:    layout_gehenna_pools_triple
Geh:5:    layout_gehenna_pools_triple
Geh:6:    layout_gehenna_lava_caves
Geh:7:    geh_grunt_pentagon
Coc:1:    layout_cocytus_water_paths
Coc:2:    layout_cocytus_water_paths
Coc:3:    layout_ice_bergs, serial_ice, serial_ice_m, serial_ice_n
Coc:4:    layout_cocytus_water_paths
Coc:5:    layout_cocytus_water_paths
Coc:6:    layout_ice_bergs
Coc:7:    coc_dpeg
Tar:1:    layout_honeycomb, nicolae_tar_cuneiform_heaven,
          nicolae_tar_four_comb_rooms
Tar:2:    layout_grid_maze
Tar:3:    layout_grid_maze
Tar:4:    layout_cathedral_of_symmetry
Tar:5:    layout_honeycomb
Tar:6:    layout_cathedral_of_symmetry
Tar:7:    tar_old
Zot:1:    lemuel_firehouse, layout_concentric_octagons
Zot:2:    layout_twisted_circle
Zot:3:    gammafunk_its_a_trap, layout_basic, bh_zot_ikea_curve
Zot:4:    layout_basic, regret_index_zotdec_serpentine_scales
Zot:5:    layout_misc_corridors, skrybe_zot_glass_3

Skill      XL: |  1  2  3  4  5  6  7  8  9 10 11 12 13 14 15 16 17 18 19 20 21 22 23 24 25 26 27 |
---------------+----------------------------------------------------------------------------------+-----
Earth Magic    | 4 5 6 7 8 9 10 11 13 19 26 | 26.5
Spellcasting   | 3 4 5 6 7 9 10 12 15 16 17 18 27 | 27.0
Conjurations   | 3 4 9 10 12 23 | 23.8
Stealth        | 4 5 10 | 10.1
Fighting       | 8 9 11 13 14 16 20 24 27 | 27.0
Shields        | 5 25 | 25.0
Armour         | 4 5 6 7 10 24 | 24.0
Dodging        | 4 5 6 8 10 18 | 18.4
Necromancy     | 1 4 |  4.0
Evocations     | 5 6 9 |  9.0
Staves         | 4 7 10 12 | 12.0
Ice Magic      | 6 12 16 19 21 22 25 26 27 | 27.0
Air Magic      | 1 |  1.0
Translocations | 5 |  5.0
Throwing       | 15 | 15.0

Action                     |  1- 3 |  4- 6 |  7- 9 | 10-12 | 13-15 | 16-18 | 19-21 | 22-24 | 25-27 || total
---------------------------+-------+-------+-------+-------+-------+-------+-------+-------+-------++-------
  Melee: Long sword        |     2 |    16 |     7 |       |       |       |       |       |       ||    25
         Demon blade       |       |       |       |    53 |   107 |       |       |       |       ||   160
         Staff             |       |       |       |       |   199 |    52 |   223 |   400 |  2818 ||  3692
  Throw: Dart              |       |       |       |     2 |       |       |       |       |       ||     2
         Javelin           |       |       |       |       |       |       |       |       |    13 ||    13
   Cast: Sandblast         |    41 |    92 |   193 |   161 |    77 |       |       |       |       ||   564
         Stone Arrow       |       |       |    19 |   232 |   572 |   438 |   314 |   106 |   164 ||  1845
         Brom's Barrelling |       |       |       |     2 |     4 |     4 |     1 |       |       ||    11
         Borgnjor's Vile C |       |       |       |       |    31 |    10 |     2 |     3 |     1 ||    47
         Magic Dart        |       |       |       |       |    77 |   768 |   145 |     1 |    63 ||  1054
         Bombard           |       |       |       |       |       |   111 |   131 |   170 |   788 ||  1200
         Ozocubu's Refrige |       |       |       |       |       |    22 |   174 |    14 |   320 ||   530
         Polar Vortex      |       |       |       |       |       |       |     6 |    71 |   452 ||   529
         Lehudib's Crystal |       |       |       |       |       |       |       |       |   493 ||   493
         Apportation       |       |       |       |       |       |       |       |       |    99 ||    99
         Shatter           |       |       |       |       |       |       |       |       |    84 ||    84
         Blink             |       |       |       |       |       |       |       |       |     5 ||     5
 Invoke: Potion Petition   |       |       |       |       |       |       |     1 |       |    30 ||    31
         Call Merchant     |       |       |       |       |       |       |       |       |    14 ||    14
  Evoke: Wand              |       |       |       |    13 |     2 |     2 |     1 |       |     5 ||    23
         Box of beasts     |       |       |       |       |       |     1 |       |       |     1 ||     2
         Phantom mirror    |       |       |       |       |       |       |       |       |     1 ||     1
    Use: Scroll            |       |       |    10 |     8 |     8 |     6 |     3 |     4 |    32 ||    71
         Potion            |       |       |       |       |       |       |     1 |       |    29 ||    30
   Stab: Sleeping          |       |       |       |     2 |       |       |       |     6 |     9 ||    17
         Paralysed         |       |       |       |     2 |       |       |       |       |       ||     2
         Distracted        |       |       |       |       |     3 |       |     4 |     3 |    30 ||    40
 Armour: Robe              |     4 |    37 |       |   199 |   416 |   381 |   308 |    71 |       ||  1416
         Leather armour    |       |       |    46 |     1 |       |       |     3 |   353 |  2145 ||  2548
         Steam dragon scal |       |       |       |    20 |       |       |       |       |       ||    20
         Fire dragon scale |       |       |       |       |       |       |       |       |   375 ||   375
         Scale mail        |       |       |       |       |       |       |       |       |   125 ||   125
  Dodge: Dodged            |     4 |    49 |    36 |   122 |   328 |   220 |   182 |   193 |  1391 ||  2525
  Block: Buckler           |       |     5 |    12 |    68 |   153 |       |    81 |    96 |   173 ||   588
         Reflection        |       |       |       |       |       |       |     3 |       |       ||     3
         Kite shield       |       |       |       |       |       |       |       |       |  1508 ||  1508
         Tower shield      |       |       |       |       |       |       |       |       |   128 ||   128
